Workbook
Name FacultyCreditHoursPerCredit: Assumptions!$B$4
Name FacultyGoal: Assumptions!$B$5
Name MinutesPerSession: Assumptions!$B$3
Name SessionsPerCredit: Assumptions!$B$2

Sheet Curriculum Master
A1: Academic Year | B1: Programme Year | C1: Semester | D1: Subject Code | E1: Subject | F1: Subject Area | G1: Credits | H1: Number of Sessions | I1: Minutes per Session | J1: Total Minutes Taught | K1: Hours Taught | L1: Faculty Credit Hours | M1: Number of Sections | N1: Type | O1: Elective Group | P1: Assessment | Q1: Evaluation Weighting | R1: Faculty ID
A2: 2026-27 | B2: Year 1 | C2: 1 | D2: BBA101 | E2: Principles of Management | F2: Strategy | G2: 4 | H2: =G2*SessionsPerCredit -> 40 | I2: =MinutesPerSession -> 75 | J2: =H2*I2 -> 3000 | K2: =J2/60 -> 50 | L2: =G2*FacultyCreditHoursPerCredit -> 60 | M2: =COUNTIF('Faculty Utilization'!$E$2:$E$91,D2) -> 2 | N2: Core | O2: - | P2: Exam | Q2: 40% internal (quizzes, assignments, mid-term) + 60% end-term exam | R2: F018
A3: 2026-27 | B3: Year 1 | C3: 1 | D3: BBA102 | E3: Business Economics I (Micro) | F3: Economics | G3: 4 | H3: =G3*SessionsPerCredit -> 40 | I3: =MinutesPerSession -> 75 | J3: =H3*I3 -> 3000 | K3: =J3/60 -> 50 | L3: =G3*FacultyCreditHoursPerCredit -> 60 | M3: =COUNTIF('Faculty Utilization'!$E$2:$E$91,D3) -> 2 | N3: Core | O3: - | P3: Exam | Q3: 40% internal (quizzes, assignments, mid-term) + 60% end-term exam | R3: F004
A4: 2026-27 | B4: Year 1 | C4: 1 | D4: BBA103 | E4: Financial Accounting | F4: Finance & Accounting | G4: 4 | H4: =G4*SessionsPerCredit -> 40 | I4: =MinutesPerSession -> 75 | J4: =H4*I4 -> 3000 | K4: =J4/60 -> 50 | L4: =G4*FacultyCreditHoursPerCredit -> 60 | M4: =COUNTIF('Faculty Utilization'!$E$2:$E$91,D4) -> 2 | N4: Core | O4: - | P4: Exam | Q4: 40% internal (quizzes, assignments, mid-term) + 60% end-term exam | R4: F007
A5: 2026-27 | B5: Year 1 | C5: 1 | D5: BBA104 | E5: Business Mathematics | F5: Analytics | G5: 3 | H5: =G5*SessionsPerCredit -> 30 | I5: =MinutesPerSession -> 75 | J5: =H5*I5 -> 2250 | K5: =J5/60 -> 37.5 | L5: =G5*FacultyCreditHoursPerCredit -> 45 | M5: =COUNTIF('Faculty Utilization'!$E$2:$E$91,D5) -> 2 | N5: Core | O5: - | P5: Exam | Q5: 40% internal (quizzes, assignments, mid-term) + 60% end-term exam | R5: F013
A6: 2026-27 | B6: Year 1 | C6: 1 | D6: BBA105 | E6: Business Communication | F6: Social Science | G6: 3 | H6: =G6*SessionsPerCredit -> 30 | I6: =MinutesPerSession -> 75 | J6: =H6*I6 -> 2250 | K6: =J6/60 -> 37.5 | L6: =G6*FacultyCreditHoursPerCredit -> 45 | M6: =COUNTIF('Faculty Utilization'!$E$2:$E$91,D6) -> 2 | N6: Core | O6: - | P6: Workshop | Q6: 100% continuous: studio work, practicals, participation and a final showcase | R6: F011
A7: 2026-27 | B7: Year 1 | C7: 1 | D7: BBA106 | E7: Digital Productivity Tools | F7: Information Systems | G7: 2 | H7: =G7*SessionsPerCredit -> 20 | I7: =MinutesPerSession -> 75 | J7: =H7*I7 -> 1500 | K7: =J7/60 -> 25 | L7: =G7*FacultyCreditHoursPerCredit -> 30 | M7: =COUNTIF('Faculty Utilization'!$E$2:$E$91,D7) -> 2 | N7: Core | O7: - | P7: Workshop | Q7: 100% continuous: studio work, practicals, participation and a final showcase | R7: F006
A8: 2026-27 | B8: Year 1 | C8: 1 | D8: BBA107 | E8: Environmental Studies & Sustainability | F8: Social Science | G8: 2 | H8: =G8*SessionsPerCredit -> 20 | I8: =MinutesPerSession -> 75 | J8: =H8*I8 -> 1500 | K8: =J8/60 -> 25 | L8: =G8*FacultyCreditHoursPerCredit -> 30 | M8: =COUNTIF('Faculty Utilization'!$E$2:$E$91,D8) -> 2 | N8: Core | O8: - | P8: Project | Q8: 50% internal milestones + 50% final report and viva / presentation | R8: F019
A9: 2026-27 | B9: Year 1 | C9: 2 | D9: BBA201 | E9: Organisational Behaviour | F9: HR & OB | G9: 4 | H9: =G9*SessionsPerCredit -> 40 | I9: =MinutesPerSession -> 75 | J9: =H9*I9 -> 3000 | K9: =J9/60 -> 50 | L9: =G9*FacultyCreditHoursPerCredit -> 60 | M9: =COUNTIF('Faculty Utilization'!$E$2:$E$91,D9) -> 2 | N9: Core | O9: - | P9: Exam | Q9: 40% internal (quizzes, assignments, mid-term) + 60% end-term exam | R9: F005
A10: 2026-27 | B10: Year 1 | C10: 2 | D10: BBA202 | E10: Business Economics II (Macro) | F10: Economics | G10: 4 | H10: =G10*SessionsPerCredit -> 40 | I10: =MinutesPerSession -> 75 | J10: =H10*I10 -> 3000 | K10: =J10/60 -> 50 | L10: =G10*FacultyCreditHoursPerCredit -> 60 | M10: =COUNTIF('Faculty Utilization'!$E$2:$E$91,D10) -> 2 | N10: Core | O10: - | P10: Exam | Q10: 40% internal (quizzes, assignments, mid-term) + 60% end-term exam | R10: F016
A11: 2026-27 | B11: Year 1 | C11: 2 | D11: BBA203 | E11: Cost & Management Accounting | F11: Finance & Accounting | G11: 4 | H11: =G11*SessionsPerCredit -> 40 | I11: =MinutesPerSession -> 75 | J11: =H11*I11 -> 3000 | K11: =J11/60 -> 50 | L11: =G11*FacultyCreditHoursPerCredit -> 60 | M11: =COUNTIF('Faculty Utilization'!$E$2:$E$91,D11) -> 2 | N11: Core | O11: - | P11: Exam | Q11: 40% internal (quizzes, assignments, mid-term) + 60% end-term exam | R11: F014
A12: 2026-27 | B12: Year 1 | C12: 2 | D12: BBA204 | E12: Business Statistics | F12: Analytics | G12: 3 | H12: =G12*SessionsPerCredit -> 30 | I12: =MinutesPerSession -> 75 | J12: =H12*I12 -> 2250 | K12: =J12/60 -> 37.5 | L12: =G12*FacultyCreditHoursPerCredit -> 45 | M12: =COUNTIF('Faculty Utilization'!$E$2:$E$91,D12) -> 2 | N12: Core | O12: - | P12: Exam | Q12: 40% internal (quizzes, assignments, mid-term) + 60% end-term exam | R12: F013
A13: 2026-27 | B13: Year 1 | C13: 2 | D13: BBA205 | E13: Indian Business Environment | F13: Economics | G13: 3 | H13: =G13*SessionsPerCredit -> 30 | I13: =MinutesPerSession -> 75 | J13: =H13*I13 -> 2250 | K13: =J13/60 -> 37.5 | L13: =G13*FacultyCreditHoursPerCredit -> 45 | M13: =COUNTIF('Faculty Utilization'!$E$2:$E$91,D13) -> 2 | N13: Core | O13: - | P13: Exam | Q13: 40% internal (quizzes, assignments, mid-term) + 60% end-term exam | R13: F004
... A57: 2026-27 | B57: Year 3 | C57: 6 | D57: BAN612 | E57: Business Intelligence with Power BI | F57: Information Systems | G57: 4 | H57: =G57*SessionsPerCredit -> 40 | I57: =MinutesPerSession -> 75 | J57: =H57*I57 -> 3000 | K57: =J57/60 -> 50 | L57: =G57*FacultyCreditHoursPerCredit -> 60 | M57: =COUNTIF('Faculty Utilization'!$E$2:$E$91,D57) -> 1 | N57: Elective | O57: Business Analytics | P57: Workshop | Q57: 100% continuous: studio work, practicals, participation and a final showcase | R57: F006

Sheet Student Master
A1: Student ID | B1: Student Name | C1: Gender | D1: Date of Birth | E1: Batch | F1: Date of Admission | G1: Current Year | H1: Current Semester | I1: Section | J1: Specialisation | K1: Open Elective I (Sem 3) | L1: Open Elective II (Sem 4) | M1: Home State | N1: Home City | O1: Parent / Guardian | P1: Relationship | Q1: Parent Occupation | R1: Parent Mobile | S1: Parent Email | T1: Admission Category | U1: Admission Route | V1: Hostel Resident | W1: Scholarship | X1: CGPA | Y1: Attendance % (current sem) | Z1: Fee Status | AA1: Faculty Mentor | AB1: Mentor ID
A2: EL24BBA001 | B2: Rishi Ghosh | C2: Male | D2: 2006-06-22 | E2: 2024-27 | F2: 2024-07-01 | G2: Year 3 | H2: 5 | I2: A | J2: Human Resources | K2: Creative Writing for Business | L2: German Language II | M2: West Bengal | N2: Siliguri | O2: Mr. Girish Ghosh | P2: Father | Q2: Lawyer | R2: +91 96677 72808 | S2: girish.ghosh66@mail.example.com | T2: General | U2: E-LAT entrance test | V2: Yes | W2: None | X2: 8.2 | Y2: 92 | Z2: Paid | AA2: =INDEX('Faculty Master'!$B$2:$B$21,MATCH(AB2,'Faculty Master'!$A$2:$A$21,0)) -> Dr. Sunita Menon | AB2: F003
A3: EL24BBA002 | B3: Pooja Deshpande | C3: Female | D3: 2006-12-02 | E3: 2024-27 | F3: 2024-07-14 | G3: Year 3 | H3: 5 | I3: A | J3: Finance | K3: German Language I | L3: Behavioural Economics | M3: Maharashtra | N3: Pune | O3: Mrs. Vandana Deshpande | P3: Mother | Q3: Lawyer | R3: +91 98511 97785 | S3: vandana.deshpande40@mail.example.com | T3: General | U3: E-LAT entrance test | V3: Yes | W3: None | X3: 7.68 | Y3: 100 | Z3: Paid | AA3: =INDEX('Faculty Master'!$B$2:$B$21,MATCH(AB3,'Faculty Master'!$A$2:$A$21,0)) -> Dr. Sunita Menon | AB3: F003
A4: EL24BBA003 | B4: Sahil Pawar | C4: Male | D4: 2006-09-01 | E4: 2024-27 | F4: 2024-06-14 | G4: Year 3 | H4: 5 | I4: A | J4: Business Analytics | K4: German Language I | L4: German Language II | M4: Maharashtra | N4: Mumbai | O4: Mrs. Meena Pawar | P4: Mother | Q4: Lawyer | R4: +91 97577 77012 | S4: meena.pawar99@mail.example.com | T4: General | U4: E-LAT entrance test | V4: Yes | W4: None | X4: 6.68 | Y4: 81.2 | Z4: Paid | AA4: =INDEX('Faculty Master'!$B$2:$B$21,MATCH(AB4,'Faculty Master'!$A$2:$A$21,0)) -> Dr. Sunita Menon | AB4: F003
A5: EL24BBA004 | B5: Manav Patel | C5: Male | D5: 2006-09-26 | E5: 2024-27 | F5: 2024-07-23 | G5: Year 3 | H5: 5 | I5: A | J5: Business Analytics | K5: Creative Writing for Business | L5: German Language II | M5: Gujarat | N5: Ahmedabad | O5: Mrs. Geeta Patel | P5: Mother | Q5: Lawyer | R5: +91 97479 22669 | S5: geeta.patel25@mail.example.com | T5: General | U5: E-LAT entrance test | V5: Yes | W5: None | X5: 5.34 | Y5: 91.7 | Z5: Due | AA5: =INDEX('Faculty Master'!$B$2:$B$21,MATCH(AB5,'Faculty Master'!$A$2:$A$21,0)) -> Dr. Sunita Menon | AB5: F003
A6: EL24BBA005 | B6: Priya Sharma | C6: Female | D6: 2007-01-30 | E6: 2024-27 | F6: 2024-07-06 | G6: Year 3 | H6: 5 | I6: A | J6: Human Resources | K6: Creative Writing for Business | L6: Behavioural Economics | M6: Delhi | N6: New Delhi | O6: Mr. Harish Sharma | P6: Father | Q6: School teacher | R6: +91 90420 97108 | S6: harish.sharma75@mail.example.com | T6: ST | U6: E-LAT entrance test | V6: Yes | W6: None | X6: 6.42 | Y6: 77.4 | Z6: Due | AA6: =INDEX('Faculty Master'!$B$2:$B$21,MATCH(AB6,'Faculty Master'!$A$2:$A$21,0)) -> Dr. Sunita Menon | AB6: F003
A7: EL24BBA006 | B7: Dhruv Deshpande | C7: Male | D7: 2007-02-07 | E7: 2024-27 | F7: 2024-06-10 | G7: Year 3 | H7: 5 | I7: A | J7: Business Analytics | K7: Creative Writing for Business | L7: German Language II | M7: Maharashtra | N7: Nagpur | O7: Mr. Deepak Deshpande | P7: Father | Q7: Professor | R7: +91 96927 29468 | S7: deepak.deshpande67@mail.example.com | T7: NRI | U7: NRI quota | V7: No | W7: None | X7: 8.54 | Y7: 91.6 | Z7: Partially paid | AA7: =INDEX('Faculty Master'!$B$2:$B$21,MATCH(AB7,'Faculty Master'!$A$2:$A$21,0)) -> Dr. Sunita Menon | AB7: F003
A8: EL24BBA007 | B8: Isha Tripathi | C8: Female | D8: 2006-06-05 | E8: 2024-27 | F8: 2024-07-13 | G8: Year 3 | H8: 5 | I8: A | J8: Marketing | K8: Psychology of Decision Making | L8: German Language II | M8: Uttar Pradesh | N8: Noida | O8: Mrs. Lakshmi Tripathi | P8: Mother | Q8: Bank manager | R8: +91 92705 78106 | S8: lakshmi.tripathi27@mail.example.com | T8: General | U8: Merit (Class XII score) | V8: Yes | W8: None | X8: 7.11 | Y8: 91.6 | Z8: Paid | AA8: =INDEX('Faculty Master'!$B$2:$B$21,MATCH(AB8,'Faculty Master'!$A$2:$A$21,0)) -> Dr. Sunita Menon | AB8: F003
A9: EL24BBA008 | B9: Navya Menon | C9: Female | D9: 2006-12-27 | E9: 2024-27 | F9: 2024-06-27 | G9: Year 3 | H9: 5 | I9: A | J9: Human Resources | K9: Creative Writing for Business | L9: Digital Marketing Fundamentals | M9: Kerala | N9: Thiruvananthapuram | O9: Mrs. Sunita Menon | P9: Mother | Q9: Business owner | R9: +91 92761 79459 | S9: sunita.menon28@mail.example.com | T9: General | U9: E-LAT entrance test | V9: Yes | W9: None | X9: 7.69 | Y9: 85 | Z9: Partially paid | AA9: =INDEX('Faculty Master'!$B$2:$B$21,MATCH(AB9,'Faculty Master'!$A$2:$A$21,0)) -> Dr. Sunita Menon | AB9: F003
A10: EL24BBA009 | B10: Rohan Srivastava | C10: Male | D10: 2006-07-19 | E10: 2024-27 | F10: 2024-06-19 | G10: Year 3 | H10: 5 | I10: A | J10: Finance | K10: German Language I | L10: German Language II | M10: Uttar Pradesh | N10: Noida | O10: Mrs. Kavita Srivastava | P10: Mother | Q10: Bank manager | R10: +91 95631 73183 | S10: kavita.srivastava57@mail.example.com | T10: General | U10: E-LAT entrance test | V10: Yes | W10: None | X10: 7.08 | Y10: 90.9 | Z10: Paid | AA10: =INDEX('Faculty Master'!$B$2:$B$21,MATCH(AB10,'Faculty Master'!$A$2:$A$21,0)) -> Dr. Sunita Menon | AB10: F003
A11: EL24BBA010 | B11: Kabir Gowda | C11: Male | D11: 2005-06-20 | E11: 2024-27 | F11: 2024-06-07 | G11: Year 3 | H11: 5 | I11: A | J11: Marketing | K11: German Language I | L11: Digital Marketing Fundamentals | M11: Karnataka | N11: Mangaluru | O11: Mrs. Anita Gowda | P11: Mother | Q11: Chartered accountant | R11: +91 91735 46762 | S11: anita.gowda72@mail.example.com | T11: SC | U11: E-LAT entrance test | V11: No | W11: Merit - 25% tuition | X11: 8.19 | Y11: 76.9 | Z11: Due | AA11: =INDEX('Faculty Master'!$B$2:$B$21,MATCH(AB11,'Faculty Master'!$A$2:$A$21,0)) -> Dr. Sunita Menon | AB11: F003
A12: EL24BBA011 | B12: Rishi Arora | C12: Male | D12: 2005-10-28 | E12: 2024-27 | F12: 2024-06-08 | G12: Year 3 | H12: 5 | I12: A | J12: Finance | K12: Creative Writing for Business | L12: Behavioural Economics | M12: Delhi | N12: New Delhi | O12: Mr. Mohan Arora | P12: Father | Q12: Architect | R12: +91 94702 18377 | S12: mohan.arora38@mail.example.com | T12: EWS | U12: E-LAT entrance test | V12: Yes | W12: None | X12: 8.19 | Y12: 88.6 | Z12: Paid | AA12: =INDEX('Faculty Master'!$B$2:$B$21,MATCH(AB12,'Faculty Master'!$A$2:$A$21,0)) -> Dr. Rahul Bhattacharya | AB12: F004
A13: EL24BBA012 | B13: Riya Rathore | C13: Female | D13: 2006-08-13 | E13: 2024-27 | F13: 2024-06-02 | G13: Year 3 | H13: 5 | I13: A | J13: Finance | K13: German Language I | L13: German Language II | M13: Rajasthan | N13: Jaipur | O13: Mr. Prakash Rathore | P13: Father | Q13: Civil engineer | R13: +91 95722 38263 | S13: prakash.rathore77@mail.example.com | T13: General | U13: E-LAT entrance test | V13: Yes | W13: None | X13: 5.2 | Y13: 77.6 | Z13: Partially paid | AA13: =INDEX('Faculty Master'!$B$2:$B$21,MATCH(AB13,'Faculty Master'!$A$2:$A$21,0)) -> Dr. Rahul Bhattacharya | AB13: F004
... A81: EL25BBA040 | B81: Nandini Bhat | C81: Female | D81: 2006-12-13 | E81: 2025-28 | F81: 2025-06-24 | G81: Year 2 | H81: 3 | I81: B | J81: Chosen at end of Year 2 | K81: Psychology of Decision Making | L81: Behavioural Economics | M81: Karnataka | N81: Udupi | O81: Mrs. Kavita Bhat | P81: Mother | Q81: Lawyer | R81: +91 91927 76874 | S81: kavita.bhat28@mail.example.com | T81: General | U81: E-LAT entrance test | V81: No | W81: None | X81: 7.87 | Y81: 85.5 | Z81: Paid | AA81: =INDEX('Faculty Master'!$B$2:$B$21,MATCH(AB81,'Faculty Master'!$A$2:$A$21,0)) -> Dr. Lakshmi Narayanan | AB81: F011
A82: EL26BBA001 | B82: Sneha Bhat | C82: Female | D82: 2008-09-14 | E82: 2026-29 | F82: 2026-06-29 | G82: Year 1 | H82: 1 | I82: A | J82: Chosen at end of Year 2 | K82: - | L82: - | M82: Karnataka | N82: Mangaluru | O82: Mr. Anil Bhat | P82: Father | Q82: Lawyer | R82: +91 97513 62571 | S82: anil.bhat6@mail.example.com | T82: General | U82: Merit (Class XII score) | V82: No | W82: None | X82: Not yet graded | Y82: 91.3 | Z82: Partially paid | AA82: =INDEX('Faculty Master'!$B$2:$B$21,MATCH(AB82,'Faculty Master'!$A$2:$A$21,0)) -> Dr. Kavya Reddy | AB82: F013
A83: EL26BBA002 | B83: Vivek Rao | C83: Male | D83: 2008-07-19 | E83: 2026-29 | F83: 2026-07-18 | G83: Year 1 | H83: 1 | I83: A | J83: Chosen at end of Year 2 | K83: - | L83: - | M83: Karnataka | N83: Hubballi | O83: Mr. Sanjay Rao | P83: Father | Q83: Business owner | R83: +91 99522 16302 | S83: sanjay.rao44@mail.example.com | T83: General | U83: E-LAT entrance test | V83: Yes | W83: None | X83: Not yet graded | Y83: 72.4 | Z83: Paid | AA83: =INDEX('Faculty Master'!$B$2:$B$21,MATCH(AB83,'Faculty Master'!$A$2:$A$21,0)) -> Dr. Kavya Reddy | AB83: F013
A84: EL26BBA003 | B84: Ishaan Menon | C84: Male | D84: 2008-07-17 | E84: 2026-29 | F84: 2026-07-06 | G84: Year 1 | H84: 1 | I84: A | J84: Chosen at end of Year 2 | K84: - | L84: - | M84: Kerala | N84: Kozhikode | O84: Mr. Sunil Menon | P84: Father | Q84: Army officer | R84: +91 90998 41989 | S84: sunil.menon59@mail.example.com | T84: SC | U84: E-LAT entrance test | V84: Yes | W84: Merit - 25% tuition | X84: Not yet graded | Y84: 81.1 | Z84: Paid | AA84: =INDEX('Faculty Master'!$B$2:$B$21,MATCH(AB84,'Faculty Master'!$A$2:$A$21,0)) -> Dr. Kavya Reddy | AB84: F013
A85: EL26BBA004 | B85: Divya Hegde | C85: Female | D85: 2008-08-18 | E85: 2026-29 | F85: 2026-06-26 | G85: Year 1 | H85: 1 | I85: A | J85: Chosen at end of Year 2 | K85: - | L85: - | M85: Karnataka | N85: Udupi | O85: Mrs. Kavita Hegde | P85: Mother | Q85: Civil engineer | R85: +91 95181 63614 | S85: kavita.hegde94@mail.example.com | T85: NRI | U85: NRI quota | V85: No | W85: None | X85: Not yet graded | Y85: 82.4 | Z85: Paid | AA85: =INDEX('Faculty Master'!$B$2:$B$21,MATCH(AB85,'Faculty Master'!$A$2:$A$21,0)) -> Dr. Kavya Reddy | AB85: F013
A86: EL26BBA005 | B86: Divya Subramanian | C86: Female | D86: 2009-01-21 | E86: 2026-29 | F86: 2026-06-29 | G86: Year 1 | H86: 1 | I86: A | J86: Chosen at end of Year 2 | K86: - | L86: - | M86: Tamil Nadu | N86: Madurai | O86: Mr. Sanjay Subramanian | P86: Father | Q86: Sales manager | R86: +91 91215 10878 | S86: sanjay.subramanian4@mail.example.com | T86: General | U86: E-LAT entrance test | V86: Yes | W86: None | X86: Not yet graded | Y86: 76.9 | Z86: Paid | AA86: =INDEX('Faculty Master'!$B$2:$B$21,MATCH(AB86,'Faculty Master'!$A$2:$A$21,0)) -> Dr. Kavya Reddy | AB86: F013
A87: EL26BBA006 | B87: Dhruv Tripathi | C87: Male | D87: 2007-12-12 | E87: 2026-29 | F87: 2026-07-20 | G87: Year 1 | H87: 1 | I87: A | J87: Chosen at end of Year 2 | K87: - | L87: - | M87: Uttar Pradesh | N87: Lucknow | O87: Mrs. Lakshmi Tripathi | P87: Mother | Q87: Professor | R87: +91 99248 90971 | S87: lakshmi.tripathi67@mail.example.com | T87: OBC | U87: E-LAT entrance test | V87: No | W87: Merit - 25% tuition | X87: Not yet graded | Y87: 89.5 | Z87: Paid | AA87: =INDEX('Faculty Master'!$B$2:$B$21,MATCH(AB87,'Faculty Master'!$A$2:$A$21,0)) -> Dr. Kavya Reddy | AB87: F013
A88: EL26BBA007 | B88: Sanya Nayak | C88: Female | D88: 2007-11-18 | E88: 2026-29 | F88: 2026-06-19 | G88: Year 1 | H88: 1 | I88: A | J88: Chosen at end of Year 2 | K88: - | L88: - | M88: Karnataka | N88: Mysuru | O88: Mr. Venkatesh Nayak | P88: Father | Q88: Bank manager | R88: +91 93215 66608 | S88: venkatesh.nayak90@mail.example.com | T88: SC | U88: E-LAT entrance test | V88: No | W88: Merit - 25% tuition | X88: Not yet graded | Y88: 83.5 | Z88: Paid | AA88: =INDEX('Faculty Master'!$B$2:$B$21,MATCH(AB88,'Faculty Master'!$A$2:$A$21,0)) -> Dr. Kavya Reddy | AB88: F013
A89: EL26BBA008 | B89: Aditi Pillai | C89: Female | D89: 2008-01-22 | E89: 2026-29 | F89: 2026-07-26 | G89: Year 1 | H89: 1 | I89: A | J89: Chosen at end of Year 2 | K89: - | L89: - | M89: Kerala | N89: Kozhikode | O89: Mr. Girish Pillai | P89: Father | Q89: Civil engineer | R89: +91 97236 94083 | S89: girish.pillai45@mail.example.com | T89: NRI | U89: NRI quota | V89: No | W89: None | X89: Not yet graded | Y89: 100 | Z89: Paid | AA89: =INDEX('Faculty Master'!$B$2:$B$21,MATCH(AB89,'Faculty Master'!$A$2:$A$21,0)) -> Dr. Kavya Reddy | AB89: F013
A90: EL26BBA009 | B90: Gauri Patel | C90: Female | D90: 2007-12-04 | E90: 2026-29 | F90: 2026-06-06 | G90: Year 1 | H90: 1 | I90: A | J90: Chosen at end of Year 2 | K90: - | L90: - | M90: Gujarat | N90: Ahmedabad | O90: Mrs. Anita Patel | P90: Mother | Q90: Farmer | R90: +91 98293 25561 | S90: anita.patel23@mail.example.com | T90: General | U90: E-LAT entrance test | V90: Yes | W90: None | X90: Not yet graded | Y90: 68.6 | Z90: Paid | AA90: =INDEX('Faculty Master'!$B$2:$B$21,MATCH(AB90,'Faculty Master'!$A$2:$A$21,0)) -> Dr. Kavya Reddy | AB90: F013
A91: EL26BBA010 | B91: Sanya Banerjee | C91: Female | D91: 2007-10-23 | E91: 2026-29 | F91: 2026-07-12 | G91: Year 1 | H91: 1 | I91: A | J91: Chosen at end of Year 2 | K91: - | L91: - | M91: West Bengal | N91: Kolkata | O91: Mr. Rajesh Banerjee | P91: Father | Q91: Architect | R91: +91 96428 74994 | S91: rajesh.banerjee73@mail.example.com | T91: OBC | U91: E-LAT entrance test | V91: Yes | W91: None | X91: Not yet graded | Y91: 74.9 | Z91: Paid | AA91: =INDEX('Faculty Master'!$B$2:$B$21,MATCH(AB91,'Faculty Master'!$A$2:$A$21,0)) -> Dr. Kavya Reddy | AB91: F013
A92: EL26BBA011 | B92: Sanya Pawar | C92: Female | D92: 2007-11-16 | E92: 2026-29 | F92: 2026-06-29 | G92: Year 1 | H92: 1 | I92: A | J92: Chosen at end of Year 2 | K92: - | L92: - | M92: Maharashtra | N92: Pune | O92: Mr. Ashok Pawar | P92: Father | Q92: Retail trader | R92: +91 99873 47615 | S92: ashok.pawar53@mail.example.com | T92: SC | U92: E-LAT entrance test | V92: Yes | W92: None | X92: Not yet graded | Y92: 75.9 | Z92: Paid | AA92: =INDEX('Faculty Master'!$B$2:$B$21,MATCH(AB92,'Faculty Master'!$A$2:$A$21,0)) -> Dr. Sanjay Deshmukh | AB92: F014
A93: EL26BBA012 | B93: Yash Shetty | C93: Male | D93: 2008-04-01 | E93: 2026-29 | F93: 2026-06-23 | G93: Year 1 | H93: 1 | I93: A | J93: Chosen at end of Year 2 | K93: - | L93: - | M93: Karnataka | N93: Mangaluru | O93: Mrs. Usha Shetty | P93: Mother | Q93: Doctor | R93: +91 94656 25333 | S93: usha.shetty1@mail.example.com | T93: OBC | U93: Merit (Class XII score) | V93: Yes | W93: None | X93: Not yet graded | Y93: 100 | Z93: Paid | AA93: =INDEX('Faculty Master'!$B$2:$B$21,MATCH(AB93,'Faculty Master'!$A$2:$A$21,0)) -> Dr. Sanjay Deshmukh | AB93: F014
... A121: EL26BBA040 | B121: Trisha Choudhary | C121: Female | D121: 2008-11-27 | E121: 2026-29 | F121: 2026-06-16 | G121: Year 1 | H121: 1 | I121: B | J121: Chosen at end of Year 2 | K121: - | L121: - | M121: Rajasthan | N121: Jaipur | O121: Mr. Vijay Choudhary | P121: Father | Q121: Doctor | R121: +91 93188 68756 | S121: vijay.choudhary44@mail.example.com | T121: EWS | U121: E-LAT entrance test | V121: Yes | W121: Need-based - 30% tuition | X121: Not yet graded | Y121: 78.9 | Z121: Paid | AA121: =INDEX('Faculty Master'!$B$2:$B$21,MATCH(AB121,'Faculty Master'!$A$2:$A$21,0)) -> Dr. Pooja Iyer | AB121: F017

Sheet Faculty Master
A1: Faculty ID | B1: Prof Name | C1: Designation | D1: Area | E1: Specialism | F1: Qualification | G1: Experience (years) | H1: Administrative Role | I1: Email | J1: Faculty Credit Hours | K1: Goal (Faculty Credit Hours) | L1: Utilization %
A2: F001 | B2: Prof. (Dr.) Meera Raghavan | C2: Dean & Professor | D2: Strategy | E2: Strategy | F2: PhD, Strategic Management | G2: 26 | H2: Dean, School of Business | I2: meera.raghavan@elogic.example.edu | J2: =SUMIF('Faculty Utilization'!$I$2:$I$91,A2,'Faculty Utilization'!$S$2:$S$91) -> 300 | K2: =FacultyGoal -> 150 | L2: =ROUND(J2/K2*100,1) -> 200
A3: F002 | B3: Dr. Arvind Kulkarni | C3: Professor | D3: Finance & Accounting | E3: Finance & Accounting | F3: PhD, Finance; CFA charterholder | G3: 21 | H3: Programme Director, BBA | I3: arvind.kulkarni@elogic.example.edu | J3: =SUMIF('Faculty Utilization'!$I$2:$I$91,A3,'Faculty Utilization'!$S$2:$S$91) -> 240 | K3: =FacultyGoal -> 150 | L3: =ROUND(J3/K3*100,1) -> 160
A4: F003 | B4: Dr. Sunita Menon | C4: Associate Professor | D4: Marketing | E4: Marketing | F4: PhD, Marketing | G4: 16 | H4: - | I4: sunita.menon@elogic.example.edu | J4: =SUMIF('Faculty Utilization'!$I$2:$I$91,A4,'Faculty Utilization'!$S$2:$S$91) -> 180 | K4: =FacultyGoal -> 150 | L4: =ROUND(J4/K4*100,1) -> 120
A5: F004 | B5: Dr. Rahul Bhattacharya | C5: Associate Professor | D5: Economics | E5: Economics | F5: PhD, Economics | G5: 15 | H5: - | I5: rahul.bhattacharya@elogic.example.edu | J5: =SUMIF('Faculty Utilization'!$I$2:$I$91,A5,'Faculty Utilization'!$S$2:$S$91) -> 210 | K5: =FacultyGoal -> 150 | L5: =ROUND(J5/K5*100,1) -> 140
A6: F005 | B6: Dr. Farah Siddiqui | C6: Associate Professor | D6: HR & OB | E6: HR & Organisational Behaviour | F6: PhD, Organisational Psychology | G6: 14 | H6: Student Welfare & Parent Liaison | I6: farah.siddiqui@elogic.example.edu | J6: =SUMIF('Faculty Utilization'!$I$2:$I$91,A6,'Faculty Utilization'!$S$2:$S$91) -> 300 | K6: =FacultyGoal -> 150 | L6: =ROUND(J6/K6*100,1) -> 200
A7: F006 | B7: Prof. Karthik Subramanian | C7: Assistant Professor | D7: Analytics | E7: Business Analytics | F7: MTech (Data Science); PhD pursuing | G7: 9 | H7: - | I7: karthik.subramanian@elogic.example.edu | J7: =SUMIF('Faculty Utilization'!$I$2:$I$91,A7,'Faculty Utilization'!$S$2:$S$91) -> 270 | K7: =FacultyGoal -> 150 | L7: =ROUND(J7/K7*100,1) -> 180
A8: F007 | B8: Dr. Neha Agarwal | C8: Assistant Professor | D8: Finance & Accounting | E8: Finance & Accounting | F8: PhD, Accounting; CA | G8: 10 | H8: Year 2 Coordinator | I8: neha.agarwal@elogic.example.edu | J8: =SUMIF('Faculty Utilization'!$I$2:$I$91,A8,'Faculty Utilization'!$S$2:$S$91) -> 240 | K8: =FacultyGoal -> 150 | L8: =ROUND(J8/K8*100,1) -> 160
A9: F008 | B9: Prof. Joseph Varghese | C9: Assistant Professor | D9: Strategy | E9: Operations & Supply Chain | F9: MBA (Operations); ex-logistics manager | G9: 12 | H9: - | I9: joseph.varghese@elogic.example.edu | J9: =SUMIF('Faculty Utilization'!$I$2:$I$91,A9,'Faculty Utilization'!$S$2:$S$91) -> 210 | K9: =FacultyGoal -> 150 | L9: =ROUND(J9/K9*100,1) -> 140
A10: F009 | B10: Dr. Priya Hegde | C10: Associate Professor | D10: Marketing | E10: Marketing | F10: PhD, Consumer Behaviour | G10: 13 | H10: Year 3 Coordinator | I10: priya.hegde@elogic.example.edu | J10: =SUMIF('Faculty Utilization'!$I$2:$I$91,A10,'Faculty Utilization'!$S$2:$S$91) -> 210 | K10: =FacultyGoal -> 150 | L10: =ROUND(J10/K10*100,1) -> 140
A11: F010 | B11: Adv. Rohit Malhotra | C11: Visiting Faculty | D11: Social Science | E11: Business Law | F11: LLM, Corporate Law; practising advocate | G11: 18 | H11: - | I11: rohit.malhotra@elogic.example.edu | J11: =SUMIF('Faculty Utilization'!$I$2:$I$91,A11,'Faculty Utilization'!$S$2:$S$91) -> 150 | K11: =FacultyGoal -> 150 | L11: =ROUND(J11/K11*100,1) -> 100
A12: F011 | B12: Dr. Lakshmi Narayanan | C12: Assistant Professor | D12: Social Science | E12: Communication | F12: PhD, English & Business Communication | G12: 11 | H12: Year 1 Coordinator | I12: lakshmi.narayanan@elogic.example.edu | J12: =SUMIF('Faculty Utilization'!$I$2:$I$91,A12,'Faculty Utilization'!$S$2:$S$91) -> 120 | K12: =FacultyGoal -> 150 | L12: =ROUND(J12/K12*100,1) -> 80
A13: F012 | B13: Prof. Ankit Shah | C13: Professor of Practice | D13: Strategy | E13: Entrepreneurship | F13: MBA; founder of two start-ups | G13: 19 | H13: Internship & Placement Coordinator | I13: ankit.shah@elogic.example.edu | J13: =SUMIF('Faculty Utilization'!$I$2:$I$91,A13,'Faculty Utilization'!$S$2:$S$91) -> 330 | K13: =FacultyGoal -> 150 | L13: =ROUND(J13/K13*100,1) -> 220
... A21: F020 | B21: Mr. Aditya Kapoor | C21: Visiting Faculty | D21: Marketing | E21: Digital Marketing & Analytics | F21: MBA; Head of Analytics at a retail firm | G21: 12 | H21: - | I21: aditya.kapoor@elogic.example.edu | J21: =SUMIF('Faculty Utilization'!$I$2:$I$91,A21,'Faculty Utilization'!$S$2:$S$91) -> 150 | K21: =FacultyGoal -> 150 | L21: =ROUND(J21/K21*100,1) -> 100

Sheet Faculty Utilization
A1: Academic Year | B1: Term | C1: Semester | D1: Batch | E1: Subject Code | F1: Subject | G1: Subject Area | H1: Type | I1: Faculty ID | J1: Prof Name | K1: Section | L1: Number of Sections | M1: Students | N1: Credits | O1: Number of Sessions | P1: Minutes per Session | Q1: Total Minutes Taught | R1: Hours Taught | S1: Faculty Credit Hours | T1: Status
A2: =INDEX('Curriculum Master'!$A$2:$A$57,MATCH(E2,'Curriculum Master'!$D$2:$D$57,0)) -> 2026-27 | B2: =IF(MOD(C2,2)=1,"Odd (Jul-Nov "&LEFT(A2,4)&")","Even (Jan-Apr "&(LEFT(A2,4)+1)&")") -> Odd (Jul-Nov 2026) | C2: =INDEX('Curriculum Master'!$C$2:$C$57,MATCH(E2,'Curriculum Master'!$D$2:$D$57,0)) -> 1 | D2: =(LEFT(A2,4)-INT((C2-1)/2))&"-"&RIGHT(LEFT(A2,4)-INT((C2-1)/2)+3,2) -> 2026-29 | E2: BBA101 | F2: =INDEX('Curriculum Master'!$E$2:$E$57,MATCH(E2,'Curriculum Master'!$D$2:$D$57,0)) -> Principles of Management | G2: =INDEX('Curriculum Master'!$F$2:$F$57,MATCH(E2,'Curriculum Master'!$D$2:$D$57,0)) -> Strategy | H2: =INDEX('Curriculum Master'!$N$2:$N$57,MATCH(E2,'Curriculum Master'!$D$2:$D$57,0)) -> Core | I2: =INDEX('Curriculum Master'!$R$2:$R$57,MATCH(E2,'Curriculum Master'!$D$2:$D$57,0)) -> F018 | J2: =INDEX('Faculty Master'!$B$2:$B$21,MATCH(I2,'Faculty Master'!$A$2:$A$21,0)) -> Prof. Vikram Rathore | K2: A | L2: =COUNTIF('Faculty Utilization'!$E$2:$E$91,E2) -> 2 | M2: =COUNTIFS('Student Master'!$E$2:$E$121,D2,'Student Master'!$I$2:$I$121,K2) -> 20 | N2: =INDEX('Curriculum Master'!$G$2:$G$57,MATCH(E2,'Curriculum Master'!$D$2:$D$57,0)) -> 4 | O2: =N2*SessionsPerCredit -> 40 | P2: =MinutesPerSession -> 75 | Q2: =O2*P2 -> 3000 | R2: =Q2/60 -> 50 | S2: =N2*FacultyCreditHoursPerCredit -> 60 | T2: =IF(MOD(C2,2)=1,"Ongoing","Upcoming") -> Ongoing
A3: =INDEX('Curriculum Master'!$A$2:$A$57,MATCH(E3,'Curriculum Master'!$D$2:$D$57,0)) -> 2026-27 | B3: =IF(MOD(C3,2)=1,"Odd (Jul-Nov "&LEFT(A3,4)&")","Even (Jan-Apr "&(LEFT(A3,4)+1)&")") -> Odd (Jul-Nov 2026) | C3: =INDEX('Curriculum Master'!$C$2:$C$57,MATCH(E3,'Curriculum Master'!$D$2:$D$57,0)) -> 1 | D3: =(LEFT(A3,4)-INT((C3-1)/2))&"-"&RIGHT(LEFT(A3,4)-INT((C3-1)/2)+3,2) -> 2026-29 | E3: BBA101 | F3: =INDEX('Curriculum Master'!$E$2:$E$57,MATCH(E3,'Curriculum Master'!$D$2:$D$57,0)) -> Principles of Management | G3: =INDEX('Curriculum Master'!$F$2:$F$57,MATCH(E3,'Curriculum Master'!$D$2:$D$57,0)) -> Strategy | H3: =INDEX('Curriculum Master'!$N$2:$N$57,MATCH(E3,'Curriculum Master'!$D$2:$D$57,0)) -> Core | I3: =INDEX('Curriculum Master'!$R$2:$R$57,MATCH(E3,'Curriculum Master'!$D$2:$D$57,0)) -> F018 | J3: =INDEX('Faculty Master'!$B$2:$B$21,MATCH(I3,'Faculty Master'!$A$2:$A$21,0)) -> Prof. Vikram Rathore | K3: B | L3: =COUNTIF('Faculty Utilization'!$E$2:$E$91,E3) -> 2 | M3: =COUNTIFS('Student Master'!$E$2:$E$121,D3,'Student Master'!$I$2:$I$121,K3) -> 20 | N3: =INDEX('Curriculum Master'!$G$2:$G$57,MATCH(E3,'Curriculum Master'!$D$2:$D$57,0)) -> 4 | O3: =N3*SessionsPerCredit -> 40 | P3: =MinutesPerSession -> 75 | Q3: =O3*P3 -> 3000 | R3: =Q3/60 -> 50 | S3: =N3*FacultyCreditHoursPerCredit -> 60 | T3: =IF(MOD(C3,2)=1,"Ongoing","Upcoming") -> Ongoing
A4: =INDEX('Curriculum Master'!$A$2:$A$57,MATCH(E4,'Curriculum Master'!$D$2:$D$57,0)) -> 2026-27 | B4: =IF(MOD(C4,2)=1,"Odd (Jul-Nov "&LEFT(A4,4)&")","Even (Jan-Apr "&(LEFT(A4,4)+1)&")") -> Odd (Jul-Nov 2026) | C4: =INDEX('Curriculum Master'!$C$2:$C$57,MATCH(E4,'Curriculum Master'!$D$2:$D$57,0)) -> 1 | D4: =(LEFT(A4,4)-INT((C4-1)/2))&"-"&RIGHT(LEFT(A4,4)-INT((C4-1)/2)+3,2) -> 2026-29 | E4: BBA102 | F4: =INDEX('Curriculum Master'!$E$2:$E$57,MATCH(E4,'Curriculum Master'!$D$2:$D$57,0)) -> Business Economics I (Micro) | G4: =INDEX('Curriculum Master'!$F$2:$F$57,MATCH(E4,'Curriculum Master'!$D$2:$D$57,0)) -> Economics | H4: =INDEX('Curriculum Master'!$N$2:$N$57,MATCH(E4,'Curriculum Master'!$D$2:$D$57,0)) -> Core | I4: =INDEX('Curriculum Master'!$R$2:$R$57,MATCH(E4,'Curriculum Master'!$D$2:$D$57,0)) -> F004 | J4: =INDEX('Faculty Master'!$B$2:$B$21,MATCH(I4,'Faculty Master'!$A$2:$A$21,0)) -> Dr. Rahul Bhattacharya | K4: A | L4: =COUNTIF('Faculty Utilization'!$E$2:$E$91,E4) -> 2 | M4: =COUNTIFS('Student Master'!$E$2:$E$121,D4,'Student Master'!$I$2:$I$121,K4) -> 20 | N4: =INDEX('Curriculum Master'!$G$2:$G$57,MATCH(E4,'Curriculum Master'!$D$2:$D$57,0)) -> 4 | O4: =N4*SessionsPerCredit -> 40 | P4: =MinutesPerSession -> 75 | Q4: =O4*P4 -> 3000 | R4: =Q4/60 -> 50 | S4: =N4*FacultyCreditHoursPerCredit -> 60 | T4: =IF(MOD(C4,2)=1,"Ongoing","Upcoming") -> Ongoing
A5: =INDEX('Curriculum Master'!$A$2:$A$57,MATCH(E5,'Curriculum Master'!$D$2:$D$57,0)) -> 2026-27 | B5: =IF(MOD(C5,2)=1,"Odd (Jul-Nov "&LEFT(A5,4)&")","Even (Jan-Apr "&(LEFT(A5,4)+1)&")") -> Odd (Jul-Nov 2026) | C5: =INDEX('Curriculum Master'!$C$2:$C$57,MATCH(E5,'Curriculum Master'!$D$2:$D$57,0)) -> 1 | D5: =(LEFT(A5,4)-INT((C5-1)/2))&"-"&RIGHT(LEFT(A5,4)-INT((C5-1)/2)+3,2) -> 2026-29 | E5: BBA102 | F5: =INDEX('Curriculum Master'!$E$2:$E$57,MATCH(E5,'Curriculum Master'!$D$2:$D$57,0)) -> Business Economics I (Micro) | G5: =INDEX('Curriculum Master'!$F$2:$F$57,MATCH(E5,'Curriculum Master'!$D$2:$D$57,0)) -> Economics | H5: =INDEX('Curriculum Master'!$N$2:$N$57,MATCH(E5,'Curriculum Master'!$D$2:$D$57,0)) -> Core | I5: =INDEX('Curriculum Master'!$R$2:$R$57,MATCH(E5,'Curriculum Master'!$D$2:$D$57,0)) -> F004 | J5: =INDEX('Faculty Master'!$B$2:$B$21,MATCH(I5,'Faculty Master'!$A$2:$A$21,0)) -> Dr. Rahul Bhattacharya | K5: B | L5: =COUNTIF('Faculty Utilization'!$E$2:$E$91,E5) -> 2 | M5: =COUNTIFS('Student Master'!$E$2:$E$121,D5,'Student Master'!$I$2:$I$121,K5) -> 20 | N5: =INDEX('Curriculum Master'!$G$2:$G$57,MATCH(E5,'Curriculum Master'!$D$2:$D$57,0)) -> 4 | O5: =N5*SessionsPerCredit -> 40 | P5: =MinutesPerSession -> 75 | Q5: =O5*P5 -> 3000 | R5: =Q5/60 -> 50 | S5: =N5*FacultyCreditHoursPerCredit -> 60 | T5: =IF(MOD(C5,2)=1,"Ongoing","Upcoming") -> Ongoing
A6: =INDEX('Curriculum Master'!$A$2:$A$57,MATCH(E6,'Curriculum Master'!$D$2:$D$57,0)) -> 2026-27 | B6: =IF(MOD(C6,2)=1,"Odd (Jul-Nov "&LEFT(A6,4)&")","Even (Jan-Apr "&(LEFT(A6,4)+1)&")") -> Odd (Jul-Nov 2026) | C6: =INDEX('Curriculum Master'!$C$2:$C$57,MATCH(E6,'Curriculum Master'!$D$2:$D$57,0)) -> 1 | D6: =(LEFT(A6,4)-INT((C6-1)/2))&"-"&RIGHT(LEFT(A6,4)-INT((C6-1)/2)+3,2) -> 2026-29 | E6: BBA103 | F6: =INDEX('Curriculum Master'!$E$2:$E$57,MATCH(E6,'Curriculum Master'!$D$2:$D$57,0)) -> Financial Accounting | G6: =INDEX('Curriculum Master'!$F$2:$F$57,MATCH(E6,'Curriculum Master'!$D$2:$D$57,0)) -> Finance & Accounting | H6: =INDEX('Curriculum Master'!$N$2:$N$57,MATCH(E6,'Curriculum Master'!$D$2:$D$57,0)) -> Core | I6: =INDEX('Curriculum Master'!$R$2:$R$57,MATCH(E6,'Curriculum Master'!$D$2:$D$57,0)) -> F007 | J6: =INDEX('Faculty Master'!$B$2:$B$21,MATCH(I6,'Faculty Master'!$A$2:$A$21,0)) -> Dr. Neha Agarwal | K6: A | L6: =COUNTIF('Faculty Utilization'!$E$2:$E$91,E6) -> 2 | M6: =COUNTIFS('Student Master'!$E$2:$E$121,D6,'Student Master'!$I$2:$I$121,K6) -> 20 | N6: =INDEX('Curriculum Master'!$G$2:$G$57,MATCH(E6,'Curriculum Master'!$D$2:$D$57,0)) -> 4 | O6: =N6*SessionsPerCredit -> 40 | P6: =MinutesPerSession -> 75 | Q6: =O6*P6 -> 3000 | R6: =Q6/60 -> 50 | S6: =N6*FacultyCreditHoursPerCredit -> 60 | T6: =IF(MOD(C6,2)=1,"Ongoing","Upcoming") -> Ongoing
A7: =INDEX('Curriculum Master'!$A$2:$A$57,MATCH(E7,'Curriculum Master'!$D$2:$D$57,0)) -> 2026-27 | B7: =IF(MOD(C7,2)=1,"Odd (Jul-Nov "&LEFT(A7,4)&")","Even (Jan-Apr "&(LEFT(A7,4)+1)&")") -> Odd (Jul-Nov 2026) | C7: =INDEX('Curriculum Master'!$C$2:$C$57,MATCH(E7,'Curriculum Master'!$D$2:$D$57,0)) -> 1 | D7: =(LEFT(A7,4)-INT((C7-1)/2))&"-"&RIGHT(LEFT(A7,4)-INT((C7-1)/2)+3,2) -> 2026-29 | E7: BBA103 | F7: =INDEX('Curriculum Master'!$E$2:$E$57,MATCH(E7,'Curriculum Master'!$D$2:$D$57,0)) -> Financial Accounting | G7: =INDEX('Curriculum Master'!$F$2:$F$57,MATCH(E7,'Curriculum Master'!$D$2:$D$57,0)) -> Finance & Accounting | H7: =INDEX('Curriculum Master'!$N$2:$N$57,MATCH(E7,'Curriculum Master'!$D$2:$D$57,0)) -> Core | I7: =INDEX('Curriculum Master'!$R$2:$R$57,MATCH(E7,'Curriculum Master'!$D$2:$D$57,0)) -> F007 | J7: =INDEX('Faculty Master'!$B$2:$B$21,MATCH(I7,'Faculty Master'!$A$2:$A$21,0)) -> Dr. Neha Agarwal | K7: B | L7: =COUNTIF('Faculty Utilization'!$E$2:$E$91,E7) -> 2 | M7: =COUNTIFS('Student Master'!$E$2:$E$121,D7,'Student Master'!$I$2:$I$121,K7) -> 20 | N7: =INDEX('Curriculum Master'!$G$2:$G$57,MATCH(E7,'Curriculum Master'!$D$2:$D$57,0)) -> 4 | O7: =N7*SessionsPerCredit -> 40 | P7: =MinutesPerSession -> 75 | Q7: =O7*P7 -> 3000 | R7: =Q7/60 -> 50 | S7: =N7*FacultyCreditHoursPerCredit -> 60 | T7: =IF(MOD(C7,2)=1,"Ongoing","Upcoming") -> Ongoing
A8: =INDEX('Curriculum Master'!$A$2:$A$57,MATCH(E8,'Curriculum Master'!$D$2:$D$57,0)) -> 2026-27 | B8: =IF(MOD(C8,2)=1,"Odd (Jul-Nov "&LEFT(A8,4)&")","Even (Jan-Apr "&(LEFT(A8,4)+1)&")") -> Odd (Jul-Nov 2026) | C8: =INDEX('Curriculum Master'!$C$2:$C$57,MATCH(E8,'Curriculum Master'!$D$2:$D$57,0)) -> 1 | D8: =(LEFT(A8,4)-INT((C8-1)/2))&"-"&RIGHT(LEFT(A8,4)-INT((C8-1)/2)+3,2) -> 2026-29 | E8: BBA104 | F8: =INDEX('Curriculum Master'!$E$2:$E$57,MATCH(E8,'Curriculum Master'!$D$2:$D$57,0)) -> Business Mathematics | G8: =INDEX('Curriculum Master'!$F$2:$F$57,MATCH(E8,'Curriculum Master'!$D$2:$D$57,0)) -> Analytics | H8: =INDEX('Curriculum Master'!$N$2:$N$57,MATCH(E8,'Curriculum Master'!$D$2:$D$57,0)) -> Core | I8: =INDEX('Curriculum Master'!$R$2:$R$57,MATCH(E8,'Curriculum Master'!$D$2:$D$57,0)) -> F013 | J8: =INDEX('Faculty Master'!$B$2:$B$21,MATCH(I8,'Faculty Master'!$A$2:$A$21,0)) -> Dr. Kavya Reddy | K8: A | L8: =COUNTIF('Faculty Utilization'!$E$2:$E$91,E8) -> 2 | M8: =COUNTIFS('Student Master'!$E$2:$E$121,D8,'Student Master'!$I$2:$I$121,K8) -> 20 | N8: =INDEX('Curriculum Master'!$G$2:$G$57,MATCH(E8,'Curriculum Master'!$D$2:$D$57,0)) -> 3 | O8: =N8*SessionsPerCredit -> 30 | P8: =MinutesPerSession -> 75 | Q8: =O8*P8 -> 2250 | R8: =Q8/60 -> 37.5 | S8: =N8*FacultyCreditHoursPerCredit -> 45 | T8: =IF(MOD(C8,2)=1,"Ongoing","Upcoming") -> Ongoing
A9: =INDEX('Curriculum Master'!$A$2:$A$57,MATCH(E9,'Curriculum Master'!$D$2:$D$57,0)) -> 2026-27 | B9: =IF(MOD(C9,2)=1,"Odd (Jul-Nov "&LEFT(A9,4)&")","Even (Jan-Apr "&(LEFT(A9,4)+1)&")") -> Odd (Jul-Nov 2026) | C9: =INDEX('Curriculum Master'!$C$2:$C$57,MATCH(E9,'Curriculum Master'!$D$2:$D$57,0)) -> 1 | D9: =(LEFT(A9,4)-INT((C9-1)/2))&"-"&RIGHT(LEFT(A9,4)-INT((C9-1)/2)+3,2) -> 2026-29 | E9: BBA104 | F9: =INDEX('Curriculum Master'!$E$2:$E$57,MATCH(E9,'Curriculum Master'!$D$2:$D$57,0)) -> Business Mathematics | G9: =INDEX('Curriculum Master'!$F$2:$F$57,MATCH(E9,'Curriculum Master'!$D$2:$D$57,0)) -> Analytics | H9: =INDEX('Curriculum Master'!$N$2:$N$57,MATCH(E9,'Curriculum Master'!$D$2:$D$57,0)) -> Core | I9: =INDEX('Curriculum Master'!$R$2:$R$57,MATCH(E9,'Curriculum Master'!$D$2:$D$57,0)) -> F013 | J9: =INDEX('Faculty Master'!$B$2:$B$21,MATCH(I9,'Faculty Master'!$A$2:$A$21,0)) -> Dr. Kavya Reddy | K9: B | L9: =COUNTIF('Faculty Utilization'!$E$2:$E$91,E9) -> 2 | M9: =COUNTIFS('Student Master'!$E$2:$E$121,D9,'Student Master'!$I$2:$I$121,K9) -> 20 | N9: =INDEX('Curriculum Master'!$G$2:$G$57,MATCH(E9,'Curriculum Master'!$D$2:$D$57,0)) -> 3 | O9: =N9*SessionsPerCredit -> 30 | P9: =MinutesPerSession -> 75 | Q9: =O9*P9 -> 2250 | R9: =Q9/60 -> 37.5 | S9: =N9*FacultyCreditHoursPerCredit -> 45 | T9: =IF(MOD(C9,2)=1,"Ongoing","Upcoming") -> Ongoing
A10: =INDEX('Curriculum Master'!$A$2:$A$57,MATCH(E10,'Curriculum Master'!$D$2:$D$57,0)) -> 2026-27 | B10: =IF(MOD(C10,2)=1,"Odd (Jul-Nov "&LEFT(A10,4)&")","Even (Jan-Apr "&(LEFT(A10,4)+1)&")") -> Odd (Jul-Nov 2026) | C10: =INDEX('Curriculum Master'!$C$2:$C$57,MATCH(E10,'Curriculum Master'!$D$2:$D$57,0)) -> 1 | D10: =(LEFT(A10,4)-INT((C10-1)/2))&"-"&RIGHT(LEFT(A10,4)-INT((C10-1)/2)+3,2) -> 2026-29 | E10: BBA105 | F10: =INDEX('Curriculum Master'!$E$2:$E$57,MATCH(E10,'Curriculum Master'!$D$2:$D$57,0)) -> Business Communication | G10: =INDEX('Curriculum Master'!$F$2:$F$57,MATCH(E10,'Curriculum Master'!$D$2:$D$57,0)) -> Social Science | H10: =INDEX('Curriculum Master'!$N$2:$N$57,MATCH(E10,'Curriculum Master'!$D$2:$D$57,0)) -> Core | I10: =INDEX('Curriculum Master'!$R$2:$R$57,MATCH(E10,'Curriculum Master'!$D$2:$D$57,0)) -> F011 | J10: =INDEX('Faculty Master'!$B$2:$B$21,MATCH(I10,'Faculty Master'!$A$2:$A$21,0)) -> Dr. Lakshmi Narayanan | K10: A | L10: =COUNTIF('Faculty Utilization'!$E$2:$E$91,E10) -> 2 | M10: =COUNTIFS('Student Master'!$E$2:$E$121,D10,'Student Master'!$I$2:$I$121,K10) -> 20 | N10: =INDEX('Curriculum Master'!$G$2:$G$57,MATCH(E10,'Curriculum Master'!$D$2:$D$57,0)) -> 3 | O10: =N10*SessionsPerCredit -> 30 | P10: =MinutesPerSession -> 75 | Q10: =O10*P10 -> 2250 | R10: =Q10/60 -> 37.5 | S10: =N10*FacultyCreditHoursPerCredit -> 45 | T10: =IF(MOD(C10,2)=1,"Ongoing","Upcoming") -> Ongoing
A11: =INDEX('Curriculum Master'!$A$2:$A$57,MATCH(E11,'Curriculum Master'!$D$2:$D$57,0)) -> 2026-27 | B11: =IF(MOD(C11,2)=1,"Odd (Jul-Nov "&LEFT(A11,4)&")","Even (Jan-Apr "&(LEFT(A11,4)+1)&")") -> Odd (Jul-Nov 2026) | C11: =INDEX('Curriculum Master'!$C$2:$C$57,MATCH(E11,'Curriculum Master'!$D$2:$D$57,0)) -> 1 | D11: =(LEFT(A11,4)-INT((C11-1)/2))&"-"&RIGHT(LEFT(A11,4)-INT((C11-1)/2)+3,2) -> 2026-29 | E11: BBA105 | F11: =INDEX('Curriculum Master'!$E$2:$E$57,MATCH(E11,'Curriculum Master'!$D$2:$D$57,0)) -> Business Communication | G11: =INDEX('Curriculum Master'!$F$2:$F$57,MATCH(E11,'Curriculum Master'!$D$2:$D$57,0)) -> Social Science | H11: =INDEX('Curriculum Master'!$N$2:$N$57,MATCH(E11,'Curriculum Master'!$D$2:$D$57,0)) -> Core | I11: =INDEX('Curriculum Master'!$R$2:$R$57,MATCH(E11,'Curriculum Master'!$D$2:$D$57,0)) -> F011 | J11: =INDEX('Faculty Master'!$B$2:$B$21,MATCH(I11,'Faculty Master'!$A$2:$A$21,0)) -> Dr. Lakshmi Narayanan | K11: B | L11: =COUNTIF('Faculty Utilization'!$E$2:$E$91,E11) -> 2 | M11: =COUNTIFS('Student Master'!$E$2:$E$121,D11,'Student Master'!$I$2:$I$121,K11) -> 20 | N11: =INDEX('Curriculum Master'!$G$2:$G$57,MATCH(E11,'Curriculum Master'!$D$2:$D$57,0)) -> 3 | O11: =N11*SessionsPerCredit -> 30 | P11: =MinutesPerSession -> 75 | Q11: =O11*P11 -> 2250 | R11: =Q11/60 -> 37.5 | S11: =N11*FacultyCreditHoursPerCredit -> 45 | T11: =IF(MOD(C11,2)=1,"Ongoing","Upcoming") -> Ongoing
A12: =INDEX('Curriculum Master'!$A$2:$A$57,MATCH(E12,'Curriculum Master'!$D$2:$D$57,0)) -> 2026-27 | B12: =IF(MOD(C12,2)=1,"Odd (Jul-Nov "&LEFT(A12,4)&")","Even (Jan-Apr "&(LEFT(A12,4)+1)&")") -> Odd (Jul-Nov 2026) | C12: =INDEX('Curriculum Master'!$C$2:$C$57,MATCH(E12,'Curriculum Master'!$D$2:$D$57,0)) -> 1 | D12: =(LEFT(A12,4)-INT((C12-1)/2))&"-"&RIGHT(LEFT(A12,4)-INT((C12-1)/2)+3,2) -> 2026-29 | E12: BBA106 | F12: =INDEX('Curriculum Master'!$E$2:$E$57,MATCH(E12,'Curriculum Master'!$D$2:$D$57,0)) -> Digital Productivity Tools | G12: =INDEX('Curriculum Master'!$F$2:$F$57,MATCH(E12,'Curriculum Master'!$D$2:$D$57,0)) -> Information Systems | H12: =INDEX('Curriculum Master'!$N$2:$N$57,MATCH(E12,'Curriculum Master'!$D$2:$D$57,0)) -> Core | I12: =INDEX('Curriculum Master'!$R$2:$R$57,MATCH(E12,'Curriculum Master'!$D$2:$D$57,0)) -> F006 | J12: =INDEX('Faculty Master'!$B$2:$B$21,MATCH(I12,'Faculty Master'!$A$2:$A$21,0)) -> Prof. Karthik Subramanian | K12: A | L12: =COUNTIF('Faculty Utilization'!$E$2:$E$91,E12) -> 2 | M12: =COUNTIFS('Student Master'!$E$2:$E$121,D12,'Student Master'!$I$2:$I$121,K12) -> 20 | N12: =INDEX('Curriculum Master'!$G$2:$G$57,MATCH(E12,'Curriculum Master'!$D$2:$D$57,0)) -> 2 | O12: =N12*SessionsPerCredit -> 20 | P12: =MinutesPerSession -> 75 | Q12: =O12*P12 -> 1500 | R12: =Q12/60 -> 25 | S12: =N12*FacultyCreditHoursPerCredit -> 30 | T12: =IF(MOD(C12,2)=1,"Ongoing","Upcoming") -> Ongoing
A13: =INDEX('Curriculum Master'!$A$2:$A$57,MATCH(E13,'Curriculum Master'!$D$2:$D$57,0)) -> 2026-27 | B13: =IF(MOD(C13,2)=1,"Odd (Jul-Nov "&LEFT(A13,4)&")","Even (Jan-Apr "&(LEFT(A13,4)+1)&")") -> Odd (Jul-Nov 2026) | C13: =INDEX('Curriculum Master'!$C$2:$C$57,MATCH(E13,'Curriculum Master'!$D$2:$D$57,0)) -> 1 | D13: =(LEFT(A13,4)-INT((C13-1)/2))&"-"&RIGHT(LEFT(A13,4)-INT((C13-1)/2)+3,2) -> 2026-29 | E13: BBA106 | F13: =INDEX('Curriculum Master'!$E$2:$E$57,MATCH(E13,'Curriculum Master'!$D$2:$D$57,0)) -> Digital Productivity Tools | G13: =INDEX('Curriculum Master'!$F$2:$F$57,MATCH(E13,'Curriculum Master'!$D$2:$D$57,0)) -> Information Systems | H13: =INDEX('Curriculum Master'!$N$2:$N$57,MATCH(E13,'Curriculum Master'!$D$2:$D$57,0)) -> Core | I13: =INDEX('Curriculum Master'!$R$2:$R$57,MATCH(E13,'Curriculum Master'!$D$2:$D$57,0)) -> F006 | J13: =INDEX('Faculty Master'!$B$2:$B$21,MATCH(I13,'Faculty Master'!$A$2:$A$21,0)) -> Prof. Karthik Subramanian | K13: B | L13: =COUNTIF('Faculty Utilization'!$E$2:$E$91,E13) -> 2 | M13: =COUNTIFS('Student Master'!$E$2:$E$121,D13,'Student Master'!$I$2:$I$121,K13) -> 20 | N13: =INDEX('Curriculum Master'!$G$2:$G$57,MATCH(E13,'Curriculum Master'!$D$2:$D$57,0)) -> 2 | O13: =N13*SessionsPerCredit -> 20 | P13: =MinutesPerSession -> 75 | Q13: =O13*P13 -> 1500 | R13: =Q13/60 -> 25 | S13: =N13*FacultyCreditHoursPerCredit -> 30 | T13: =IF(MOD(C13,2)=1,"Ongoing","Upcoming") -> Ongoing
... A41: =INDEX('Curriculum Master'!$A$2:$A$57,MATCH(E41,'Curriculum Master'!$D$2:$D$57,0)) -> 2026-27 | B41: =IF(MOD(C41,2)=1,"Odd (Jul-Nov "&LEFT(A41,4)&")","Even (Jan-Apr "&(LEFT(A41,4)+1)&")") -> Odd (Jul-Nov 2026) | C41: =INDEX('Curriculum Master'!$C$2:$C$57,MATCH(E41,'Curriculum Master'!$D$2:$D$57,0)) -> 3 | D41: =(LEFT(A41,4)-INT((C41-1)/2))&"-"&RIGHT(LEFT(A41,4)-INT((C41-1)/2)+3,2) -> 2025-28 | E41: BBA306 | F41: =INDEX('Curriculum Master'!$E$2:$E$57,MATCH(E41,'Curriculum Master'!$D$2:$D$57,0)) -> Negotiation & Persuasion | G41: =INDEX('Curriculum Master'!$F$2:$F$57,MATCH(E41,'Curriculum Master'!$D$2:$D$57,0)) -> HR & OB | H41: =INDEX('Curriculum Master'!$N$2:$N$57,MATCH(E41,'Curriculum Master'!$D$2:$D$57,0)) -> Core | I41: =INDEX('Curriculum Master'!$R$2:$R$57,MATCH(E41,'Curriculum Master'!$D$2:$D$57,0)) -> F005 | J41: =INDEX('Faculty Master'!$B$2:$B$21,MATCH(I41,'Faculty Master'!$A$2:$A$21,0)) -> Dr. Farah Siddiqui | K41: B | L41: =COUNTIF('Faculty Utilization'!$E$2:$E$91,E41) -> 2 | M41: =COUNTIFS('Student Master'!$E$2:$E$121,D41,'Student Master'!$I$2:$I$121,K41) -> 20 | N41: =INDEX('Curriculum Master'!$G$2:$G$57,MATCH(E41,'Curriculum Master'!$D$2:$D$57,0)) -> 2 | O41: =N41*SessionsPerCredit -> 20 | P41: =MinutesPerSession -> 75 | Q41: =O41*P41 -> 1500 | R41: =Q41/60 -> 25 | S41: =N41*FacultyCreditHoursPerCredit -> 30 | T41: =IF(MOD(C41,2)=1,"Ongoing","Upcoming") -> Ongoing
A42: =INDEX('Curriculum Master'!$A$2:$A$57,MATCH(E42,'Curriculum Master'!$D$2:$D$57,0)) -> 2026-27 | B42: =IF(MOD(C42,2)=1,"Odd (Jul-Nov "&LEFT(A42,4)&")","Even (Jan-Apr "&(LEFT(A42,4)+1)&")") -> Odd (Jul-Nov 2026) | C42: =INDEX('Curriculum Master'!$C$2:$C$57,MATCH(E42,'Curriculum Master'!$D$2:$D$57,0)) -> 3 | D42: =(LEFT(A42,4)-INT((C42-1)/2))&"-"&RIGHT(LEFT(A42,4)-INT((C42-1)/2)+3,2) -> 2025-28 | E42: BBA3E1 | F42: =INDEX('Curriculum Master'!$E$2:$E$57,MATCH(E42,'Curriculum Master'!$D$2:$D$57,0)) -> Psychology of Decision Making | G42: =INDEX('Curriculum Master'!$F$2:$F$57,MATCH(E42,'Curriculum Master'!$D$2:$D$57,0)) -> Social Science | H42: =INDEX('Curriculum Master'!$N$2:$N$57,MATCH(E42,'Curriculum Master'!$D$2:$D$57,0)) -> Elective | I42: =INDEX('Curriculum Master'!$R$2:$R$57,MATCH(E42,'Curriculum Master'!$D$2:$D$57,0)) -> F016 | J42: =INDEX('Faculty Master'!$B$2:$B$21,MATCH(I42,'Faculty Master'!$A$2:$A$21,0)) -> Dr. Imran Qureshi | K42: A | L42: =COUNTIF('Faculty Utilization'!$E$2:$E$91,E42) -> 1 | M42: =INT(COUNTIFS('Student Master'!$E$2:$E$121,D42,'Student Master'!$K$2:$K$121,F42)/L42)+IF(CODE(K42)-64<=MOD(COUNTIFS('Student Master'!$E$2:$E$121,D42,'Student Master'!$K$2:$K$121,F42),L42),1,0) -> 13 | N42: =INDEX('Curriculum Master'!$G$2:$G$57,MATCH(E42,'Curriculum Master'!$D$2:$D$57,0)) -> 2 | O42: =N42*SessionsPerCredit -> 20 | P42: =MinutesPerSession -> 75 | Q42: =O42*P42 -> 1500 | R42: =Q42/60 -> 25 | S42: =N42*FacultyCreditHoursPerCredit -> 30 | T42: =IF(MOD(C42,2)=1,"Ongoing","Upcoming") -> Ongoing
A43: =INDEX('Curriculum Master'!$A$2:$A$57,MATCH(E43,'Curriculum Master'!$D$2:$D$57,0)) -> 2026-27 | B43: =IF(MOD(C43,2)=1,"Odd (Jul-Nov "&LEFT(A43,4)&")","Even (Jan-Apr "&(LEFT(A43,4)+1)&")") -> Odd (Jul-Nov 2026) | C43: =INDEX('Curriculum Master'!$C$2:$C$57,MATCH(E43,'Curriculum Master'!$D$2:$D$57,0)) -> 3 | D43: =(LEFT(A43,4)-INT((C43-1)/2))&"-"&RIGHT(LEFT(A43,4)-INT((C43-1)/2)+3,2) -> 2025-28 | E43: BBA3E2 | F43: =INDEX('Curriculum Master'!$E$2:$E$57,MATCH(E43,'Curriculum Master'!$D$2:$D$57,0)) -> German Language I | G43: =INDEX('Curriculum Master'!$F$2:$F$57,MATCH(E43,'Curriculum Master'!$D$2:$D$57,0)) -> Social Science | H43: =INDEX('Curriculum Master'!$N$2:$N$57,MATCH(E43,'Curriculum Master'!$D$2:$D$57,0)) -> Elective | I43: =INDEX('Curriculum Master'!$R$2:$R$57,MATCH(E43,'Curriculum Master'!$D$2:$D$57,0)) -> F015 | J43: =INDEX('Faculty Master'!$B$2:$B$21,MATCH(I43,'Faculty Master'!$A$2:$A$21,0)) -> Ms. Anna Fischer | K43: A | L43: =COUNTIF('Faculty Utilization'!$E$2:$E$91,E43) -> 1 | M43: =INT(COUNTIFS('Student Master'!$E$2:$E$121,D43,'Student Master'!$K$2:$K$121,F43)/L43)+IF(CODE(K43)-64<=MOD(COUNTIFS('Student Master'!$E$2:$E$121,D43,'Student Master'!$K$2:$K$121,F43),L43),1,0) -> 11 | N43: =INDEX('Curriculum Master'!$G$2:$G$57,MATCH(E43,'Curriculum Master'!$D$2:$D$57,0)) -> 2 | O43: =N43*SessionsPerCredit -> 20 | P43: =MinutesPerSession -> 75 | Q43: =O43*P43 -> 1500 | R43: =Q43/60 -> 25 | S43: =N43*FacultyCreditHoursPerCredit -> 30 | T43: =IF(MOD(C43,2)=1,"Ongoing","Upcoming") -> Ongoing
A44: =INDEX('Curriculum Master'!$A$2:$A$57,MATCH(E44,'Curriculum Master'!$D$2:$D$57,0)) -> 2026-27 | B44: =IF(MOD(C44,2)=1,"Odd (Jul-Nov "&LEFT(A44,4)&")","Even (Jan-Apr "&(LEFT(A44,4)+1)&")") -> Odd (Jul-Nov 2026) | C44: =INDEX('Curriculum Master'!$C$2:$C$57,MATCH(E44,'Curriculum Master'!$D$2:$D$57,0)) -> 3 | D44: =(LEFT(A44,4)-INT((C44-1)/2))&"-"&RIGHT(LEFT(A44,4)-INT((C44-1)/2)+3,2) -> 2025-28 | E44: BBA3E3 | F44: =INDEX('Curriculum Master'!$E$2:$E$57,MATCH(E44,'Curriculum Master'!$D$2:$D$57,0)) -> Creative Writing for Business | G44: =INDEX('Curriculum Master'!$F$2:$F$57,MATCH(E44,'Curriculum Master'!$D$2:$D$57,0)) -> Social Science | H44: =INDEX('Curriculum Master'!$N$2:$N$57,MATCH(E44,'Curriculum Master'!$D$2:$D$57,0)) -> Elective | I44: =INDEX('Curriculum Master'!$R$2:$R$57,MATCH(E44,'Curriculum Master'!$D$2:$D$57,0)) -> F011 | J44: =INDEX('Faculty Master'!$B$2:$B$21,MATCH(I44,'Faculty Master'!$A$2:$A$21,0)) -> Dr. Lakshmi Narayanan | K44: A | L44: =COUNTIF('Faculty Utilization'!$E$2:$E$91,E44) -> 1 | M44: =INT(COUNTIFS('Student Master'!$E$2:$E$121,D44,'Student Master'!$K$2:$K$121,F44)/L44)+IF(CODE(K44)-64<=MOD(COUNTIFS('Student Master'!$E$2:$E$121,D44,'Student Master'!$K$2:$K$121,F44),L44),1,0) -> 16 | N44: =INDEX('Curriculum Master'!$G$2:$G$57,MATCH(E44,'Curriculum Master'!$D$2:$D$57,0)) -> 2 | O44: =N44*SessionsPerCredit -> 20 | P44: =MinutesPerSession -> 75 | Q44: =O44*P44 -> 1500 | R44: =Q44/60 -> 25 | S44: =N44*FacultyCreditHoursPerCredit -> 30 | T44: =IF(MOD(C44,2)=1,"Ongoing","Upcoming") -> Ongoing
A45: =INDEX('Curriculum Master'!$A$2:$A$57,MATCH(E45,'Curriculum Master'!$D$2:$D$57,0)) -> 2026-27 | B45: =IF(MOD(C45,2)=1,"Odd (Jul-Nov "&LEFT(A45,4)&")","Even (Jan-Apr "&(LEFT(A45,4)+1)&")") -> Even (Jan-Apr 2027) | C45: =INDEX('Curriculum Master'!$C$2:$C$57,MATCH(E45,'Curriculum Master'!$D$2:$D$57,0)) -> 4 | D45: =(LEFT(A45,4)-INT((C45-1)/2))&"-"&RIGHT(LEFT(A45,4)-INT((C45-1)/2)+3,2) -> 2025-28 | E45: BBA401 | F45: =INDEX('Curriculum Master'!$E$2:$E$57,MATCH(E45,'Curriculum Master'!$D$2:$D$57,0)) -> Operations & Supply Chain Management | G45: =INDEX('Curriculum Master'!$F$2:$F$57,MATCH(E45,'Curriculum Master'!$D$2:$D$57,0)) -> Strategy | H45: =INDEX('Curriculum Master'!$N$2:$N$57,MATCH(E45,'Curriculum Master'!$D$2:$D$57,0)) -> Core | I45: =INDEX('Curriculum Master'!$R$2:$R$57,MATCH(E45,'Curriculum Master'!$D$2:$D$57,0)) -> F008 | J45: =INDEX('Faculty Master'!$B$2:$B$21,MATCH(I45,'Faculty Master'!$A$2:$A$21,0)) -> Prof. Joseph Varghese | K45: A | L45: =COUNTIF('Faculty Utilization'!$E$2:$E$91,E45) -> 2 | M45: =COUNTIFS('Student Master'!$E$2:$E$121,D45,'Student Master'!$I$2:$I$121,K45) -> 20 | N45: =INDEX('Curriculum Master'!$G$2:$G$57,MATCH(E45,'Curriculum Master'!$D$2:$D$57,0)) -> 4 | O45: =N45*SessionsPerCredit -> 40 | P45: =MinutesPerSession -> 75 | Q45: =O45*P45 -> 3000 | R45: =Q45/60 -> 50 | S45: =N45*FacultyCreditHoursPerCredit -> 60 | T45: =IF(MOD(C45,2)=1,"Ongoing","Upcoming") -> Upcoming
A46: =INDEX('Curriculum Master'!$A$2:$A$57,MATCH(E46,'Curriculum Master'!$D$2:$D$57,0)) -> 2026-27 | B46: =IF(MOD(C46,2)=1,"Odd (Jul-Nov "&LEFT(A46,4)&")","Even (Jan-Apr "&(LEFT(A46,4)+1)&")") -> Even (Jan-Apr 2027) | C46: =INDEX('Curriculum Master'!$C$2:$C$57,MATCH(E46,'Curriculum Master'!$D$2:$D$57,0)) -> 4 | D46: =(LEFT(A46,4)-INT((C46-1)/2))&"-"&RIGHT(LEFT(A46,4)-INT((C46-1)/2)+3,2) -> 2025-28 | E46: BBA401 | F46: =INDEX('Curriculum Master'!$E$2:$E$57,MATCH(E46,'Curriculum Master'!$D$2:$D$57,0)) -> Operations & Supply Chain Management | G46: =INDEX('Curriculum Master'!$F$2:$F$57,MATCH(E46,'Curriculum Master'!$D$2:$D$57,0)) -> Strategy | H46: =INDEX('Curriculum Master'!$N$2:$N$57,MATCH(E46,'Curriculum Master'!$D$2:$D$57,0)) -> Core | I46: =INDEX('Curriculum Master'!$R$2:$R$57,MATCH(E46,'Curriculum Master'!$D$2:$D$57,0)) -> F008 | J46: =INDEX('Faculty Master'!$B$2:$B$21,MATCH(I46,'Faculty Master'!$A$2:$A$21,0)) -> Prof. Joseph Varghese | K46: B | L46: =COUNTIF('Faculty Utilization'!$E$2:$E$91,E46) -> 2 | M46: =COUNTIFS('Student Master'!$E$2:$E$121,D46,'Student Master'!$I$2:$I$121,K46) -> 20 | N46: =INDEX('Curriculum Master'!$G$2:$G$57,MATCH(E46,'Curriculum Master'!$D$2:$D$57,0)) -> 4 | O46: =N46*SessionsPerCredit -> 40 | P46: =MinutesPerSession -> 75 | Q46: =O46*P46 -> 3000 | R46: =Q46/60 -> 50 | S46: =N46*FacultyCreditHoursPerCredit -> 60 | T46: =IF(MOD(C46,2)=1,"Ongoing","Upcoming") -> Upcoming
A47: =INDEX('Curriculum Master'!$A$2:$A$57,MATCH(E47,'Curriculum Master'!$D$2:$D$57,0)) -> 2026-27 | B47: =IF(MOD(C47,2)=1,"Odd (Jul-Nov "&LEFT(A47,4)&")","Even (Jan-Apr "&(LEFT(A47,4)+1)&")") -> Even (Jan-Apr 2027) | C47: =INDEX('Curriculum Master'!$C$2:$C$57,MATCH(E47,'Curriculum Master'!$D$2:$D$57,0)) -> 4 | D47: =(LEFT(A47,4)-INT((C47-1)/2))&"-"&RIGHT(LEFT(A47,4)-INT((C47-1)/2)+3,2) -> 2025-28 | E47: BBA402 | F47: =INDEX('Curriculum Master'!$E$2:$E$57,MATCH(E47,'Curriculum Master'!$D$2:$D$57,0)) -> Research Methodology | G47: =INDEX('Curriculum Master'!$F$2:$F$57,MATCH(E47,'Curriculum Master'!$D$2:$D$57,0)) -> Analytics | H47: =INDEX('Curriculum Master'!$N$2:$N$57,MATCH(E47,'Curriculum Master'!$D$2:$D$57,0)) -> Core | I47: =INDEX('Curriculum Master'!$R$2:$R$57,MATCH(E47,'Curriculum Master'!$D$2:$D$57,0)) -> F013 | J47: =INDEX('Faculty Master'!$B$2:$B$21,MATCH(I47,'Faculty Master'!$A$2:$A$21,0)) -> Dr. Kavya Reddy | K47: A | L47: =COUNTIF('Faculty Utilization'!$E$2:$E$91,E47) -> 2 | M47: =COUNTIFS('Student Master'!$E$2:$E$121,D47,'Student Master'!$I$2:$I$121,K47) -> 20 | N47: =INDEX('Curriculum Master'!$G$2:$G$57,MATCH(E47,'Curriculum Master'!$D$2:$D$57,0)) -> 3 | O47: =N47*SessionsPerCredit -> 30 | P47: =MinutesPerSession -> 75 | Q47: =O47*P47 -> 2250 | R47: =Q47/60 -> 37.5 | S47: =N47*FacultyCreditHoursPerCredit -> 45 | T47: =IF(MOD(C47,2)=1,"Ongoing","Upcoming") -> Upcoming
A48: =INDEX('Curriculum Master'!$A$2:$A$57,MATCH(E48,'Curriculum Master'!$D$2:$D$57,0)) -> 2026-27 | B48: =IF(MOD(C48,2)=1,"Odd (Jul-Nov "&LEFT(A48,4)&")","Even (Jan-Apr "&(LEFT(A48,4)+1)&")") -> Even (Jan-Apr 2027) | C48: =INDEX('Curriculum Master'!$C$2:$C$57,MATCH(E48,'Curriculum Master'!$D$2:$D$57,0)) -> 4 | D48: =(LEFT(A48,4)-INT((C48-1)/2))&"-"&RIGHT(LEFT(A48,4)-INT((C48-1)/2)+3,2) -> 2025-28 | E48: BBA402 | F48: =INDEX('Curriculum Master'!$E$2:$E$57,MATCH(E48,'Curriculum Master'!$D$2:$D$57,0)) -> Research Methodology | G48: =INDEX('Curriculum Master'!$F$2:$F$57,MATCH(E48,'Curriculum Master'!$D$2:$D$57,0)) -> Analytics | H48: =INDEX('Curriculum Master'!$N$2:$N$57,MATCH(E48,'Curriculum Master'!$D$2:$D$57,0)) -> Core | I48: =INDEX('Curriculum Master'!$R$2:$R$57,MATCH(E48,'Curriculum Master'!$D$2:$D$57,0)) -> F013 | J48: =INDEX('Faculty Master'!$B$2:$B$21,MATCH(I48,'Faculty Master'!$A$2:$A$21,0)) -> Dr. Kavya Reddy | K48: B | L48: =COUNTIF('Faculty Utilization'!$E$2:$E$91,E48) -> 2 | M48: =COUNTIFS('Student Master'!$E$2:$E$121,D48,'Student Master'!$I$2:$I$121,K48) -> 20 | N48: =INDEX('Curriculum Master'!$G$2:$G$57,MATCH(E48,'Curriculum Master'!$D$2:$D$57,0)) -> 3 | O48: =N48*SessionsPerCredit -> 30 | P48: =MinutesPerSession -> 75 | Q48: =O48*P48 -> 2250 | R48: =Q48/60 -> 37.5 | S48: =N48*FacultyCreditHoursPerCredit -> 45 | T48: =IF(MOD(C48,2)=1,"Ongoing","Upcoming") -> Upcoming
A49: =INDEX('Curriculum Master'!$A$2:$A$57,MATCH(E49,'Curriculum Master'!$D$2:$D$57,0)) -> 2026-27 | B49: =IF(MOD(C49,2)=1,"Odd (Jul-Nov "&LEFT(A49,4)&")","Even (Jan-Apr "&(LEFT(A49,4)+1)&")") -> Even (Jan-Apr 2027) | C49: =INDEX('Curriculum Master'!$C$2:$C$57,MATCH(E49,'Curriculum Master'!$D$2:$D$57,0)) -> 4 | D49: =(LEFT(A49,4)-INT((C49-1)/2))&"-"&RIGHT(LEFT(A49,4)-INT((C49-1)/2)+3,2) -> 2025-28 | E49: BBA403 | F49: =INDEX('Curriculum Master'!$E$2:$E$57,MATCH(E49,'Curriculum Master'!$D$2:$D$57,0)) -> Consumer Behaviour | G49: =INDEX('Curriculum Master'!$F$2:$F$57,MATCH(E49,'Curriculum Master'!$D$2:$D$57,0)) -> Marketing | H49: =INDEX('Curriculum Master'!$N$2:$N$57,MATCH(E49,'Curriculum Master'!$D$2:$D$57,0)) -> Core | I49: =INDEX('Curriculum Master'!$R$2:$R$57,MATCH(E49,'Curriculum Master'!$D$2:$D$57,0)) -> F009 | J49: =INDEX('Faculty Master'!$B$2:$B$21,MATCH(I49,'Faculty Master'!$A$2:$A$21,0)) -> Dr. Priya Hegde | K49: A | L49: =COUNTIF('Faculty Utilization'!$E$2:$E$91,E49) -> 2 | M49: =COUNTIFS('Student Master'!$E$2:$E$121,D49,'Student Master'!$I$2:$I$121,K49) -> 20 | N49: =INDEX('Curriculum Master'!$G$2:$G$57,MATCH(E49,'Curriculum Master'!$D$2:$D$57,0)) -> 3 | O49: =N49*SessionsPerCredit -> 30 | P49: =MinutesPerSession -> 75 | Q49: =O49*P49 -> 2250 | R49: =Q49/60 -> 37.5 | S49: =N49*FacultyCreditHoursPerCredit -> 45 | T49: =IF(MOD(C49,2)=1,"Ongoing","Upcoming") -> Upcoming
A50: =INDEX('Curriculum Master'!$A$2:$A$57,MATCH(E50,'Curriculum Master'!$D$2:$D$57,0)) -> 2026-27 | B50: =IF(MOD(C50,2)=1,"Odd (Jul-Nov "&LEFT(A50,4)&")","Even (Jan-Apr "&(LEFT(A50,4)+1)&")") -> Even (Jan-Apr 2027) | C50: =INDEX('Curriculum Master'!$C$2:$C$57,MATCH(E50,'Curriculum Master'!$D$2:$D$57,0)) -> 4 | D50: =(LEFT(A50,4)-INT((C50-1)/2))&"-"&RIGHT(LEFT(A50,4)-INT((C50-1)/2)+3,2) -> 2025-28 | E50: BBA403 | F50: =INDEX('Curriculum Master'!$E$2:$E$57,MATCH(E50,'Curriculum Master'!$D$2:$D$57,0)) -> Consumer Behaviour | G50: =INDEX('Curriculum Master'!$F$2:$F$57,MATCH(E50,'Curriculum Master'!$D$2:$D$57,0)) -> Marketing | H50: =INDEX('Curriculum Master'!$N$2:$N$57,MATCH(E50,'Curriculum Master'!$D$2:$D$57,0)) -> Core | I50: =INDEX('Curriculum Master'!$R$2:$R$57,MATCH(E50,'Curriculum Master'!$D$2:$D$57,0)) -> F009 | J50: =INDEX('Faculty Master'!$B$2:$B$21,MATCH(I50,'Faculty Master'!$A$2:$A$21,0)) -> Dr. Priya Hegde | K50: B | L50: =COUNTIF('Faculty Utilization'!$E$2:$E$91,E50) -> 2 | M50: =COUNTIFS('Student Master'!$E$2:$E$121,D50,'Student Master'!$I$2:$I$121,K50) -> 20 | N50: =INDEX('Curriculum Master'!$G$2:$G$57,MATCH(E50,'Curriculum Master'!$D$2:$D$57,0)) -> 3 | O50: =N50*SessionsPerCredit -> 30 | P50: =MinutesPerSession -> 75 | Q50: =O50*P50 -> 2250 | R50: =Q50/60 -> 37.5 | S50: =N50*FacultyCreditHoursPerCredit -> 45 | T50: =IF(MOD(C50,2)=1,"Ongoing","Upcoming") -> Upcoming
A51: =INDEX('Curriculum Master'!$A$2:$A$57,MATCH(E51,'Curriculum Master'!$D$2:$D$57,0)) -> 2026-27 | B51: =IF(MOD(C51,2)=1,"Odd (Jul-Nov "&LEFT(A51,4)&")","Even (Jan-Apr "&(LEFT(A51,4)+1)&")") -> Even (Jan-Apr 2027) | C51: =INDEX('Curriculum Master'!$C$2:$C$57,MATCH(E51,'Curriculum Master'!$D$2:$D$57,0)) -> 4 | D51: =(LEFT(A51,4)-INT((C51-1)/2))&"-"&RIGHT(LEFT(A51,4)-INT((C51-1)/2)+3,2) -> 2025-28 | E51: BBA404 | F51: =INDEX('Curriculum Master'!$E$2:$E$57,MATCH(E51,'Curriculum Master'!$D$2:$D$57,0)) -> Entrepreneurship & New Venture Creation | G51: =INDEX('Curriculum Master'!$F$2:$F$57,MATCH(E51,'Curriculum Master'!$D$2:$D$57,0)) -> Strategy | H51: =INDEX('Curriculum Master'!$N$2:$N$57,MATCH(E51,'Curriculum Master'!$D$2:$D$57,0)) -> Core | I51: =INDEX('Curriculum Master'!$R$2:$R$57,MATCH(E51,'Curriculum Master'!$D$2:$D$57,0)) -> F012 | J51: =INDEX('Faculty Master'!$B$2:$B$21,MATCH(I51,'Faculty Master'!$A$2:$A$21,0)) -> Prof. Ankit Shah | K51: A | L51: =COUNTIF('Faculty Utilization'!$E$2:$E$91,E51) -> 2 | M51: =COUNTIFS('Student Master'!$E$2:$E$121,D51,'Student Master'!$I$2:$I$121,K51) -> 20 | N51: =INDEX('Curriculum Master'!$G$2:$G$57,MATCH(E51,'Curriculum Master'!$D$2:$D$57,0)) -> 4 | O51: =N51*SessionsPerCredit -> 40 | P51: =MinutesPerSession -> 75 | Q51: =O51*P51 -> 3000 | R51: =Q51/60 -> 50 | S51: =N51*FacultyCreditHoursPerCredit -> 60 | T51: =IF(MOD(C51,2)=1,"Ongoing","Upcoming") -> Upcoming
A52: =INDEX('Curriculum Master'!$A$2:$A$57,MATCH(E52,'Curriculum Master'!$D$2:$D$57,0)) -> 2026-27 | B52: =IF(MOD(C52,2)=1,"Odd (Jul-Nov "&LEFT(A52,4)&")","Even (Jan-Apr "&(LEFT(A52,4)+1)&")") -> Even (Jan-Apr 2027) | C52: =INDEX('Curriculum Master'!$C$2:$C$57,MATCH(E52,'Curriculum Master'!$D$2:$D$57,0)) -> 4 | D52: =(LEFT(A52,4)-INT((C52-1)/2))&"-"&RIGHT(LEFT(A52,4)-INT((C52-1)/2)+3,2) -> 2025-28 | E52: BBA404 | F52: =INDEX('Curriculum Master'!$E$2:$E$57,MATCH(E52,'Curriculum Master'!$D$2:$D$57,0)) -> Entrepreneurship & New Venture Creation | G52: =INDEX('Curriculum Master'!$F$2:$F$57,MATCH(E52,'Curriculum Master'!$D$2:$D$57,0)) -> Strategy | H52: =INDEX('Curriculum Master'!$N$2:$N$57,MATCH(E52,'Curriculum Master'!$D$2:$D$57,0)) -> Core | I52: =INDEX('Curriculum Master'!$R$2:$R$57,MATCH(E52,'Curriculum Master'!$D$2:$D$57,0)) -> F012 | J52: =INDEX('Faculty Master'!$B$2:$B$21,MATCH(I52,'Faculty Master'!$A$2:$A$21,0)) -> Prof. Ankit Shah | K52: B | L52: =COUNTIF('Faculty Utilization'!$E$2:$E$91,E52) -> 2 | M52: =COUNTIFS('Student Master'!$E$2:$E$121,D52,'Student Master'!$I$2:$I$121,K52) -> 20 | N52: =INDEX('Curriculum Master'!$G$2:$G$57,MATCH(E52,'Curriculum Master'!$D$2:$D$57,0)) -> 4 | O52: =N52*SessionsPerCredit -> 40 | P52: =MinutesPerSession -> 75 | Q52: =O52*P52 -> 3000 | R52: =Q52/60 -> 50 | S52: =N52*FacultyCreditHoursPerCredit -> 60 | T52: =IF(MOD(C52,2)=1,"Ongoing","Upcoming") -> Upcoming
A53: =INDEX('Curriculum Master'!$A$2:$A$57,MATCH(E53,'Curriculum Master'!$D$2:$D$57,0)) -> 2026-27 | B53: =IF(MOD(C53,2)=1,"Odd (Jul-Nov "&LEFT(A53,4)&")","Even (Jan-Apr "&(LEFT(A53,4)+1)&")") -> Even (Jan-Apr 2027) | C53: =INDEX('Curriculum Master'!$C$2:$C$57,MATCH(E53,'Curriculum Master'!$D$2:$D$57,0)) -> 4 | D53: =(LEFT(A53,4)-INT((C53-1)/2))&"-"&RIGHT(LEFT(A53,4)-INT((C53-1)/2)+3,2) -> 2025-28 | E53: BBA405 | F53: =INDEX('Curriculum Master'!$E$2:$E$57,MATCH(E53,'Curriculum Master'!$D$2:$D$57,0)) -> Corporate Finance & Banking | G53: =INDEX('Curriculum Master'!$F$2:$F$57,MATCH(E53,'Curriculum Master'!$D$2:$D$57,0)) -> Finance & Accounting | H53: =INDEX('Curriculum Master'!$N$2:$N$57,MATCH(E53,'Curriculum Master'!$D$2:$D$57,0)) -> Core | I53: =INDEX('Curriculum Master'!$R$2:$R$57,MATCH(E53,'Curriculum Master'!$D$2:$D$57,0)) -> F014 | J53: =INDEX('Faculty Master'!$B$2:$B$21,MATCH(I53,'Faculty Master'!$A$2:$A$21,0)) -> Dr. Sanjay Deshmukh | K53: A | L53: =COUNTIF('Faculty Utilization'!$E$2:$E$91,E53) -> 2 | M53: =COUNTIFS('Student Master'!$E$2:$E$121,D53,'Student Master'!$I$2:$I$121,K53) -> 20 | N53: =INDEX('Curriculum Master'!$G$2:$G$57,MATCH(E53,'Curriculum Master'!$D$2:$D$57,0)) -> 3 | O53: =N53*SessionsPerCredit -> 30 | P53: =MinutesPerSession -> 75 | Q53: =O53*P53 -> 2250 | R53: =Q53/60 -> 37.5 | S53: =N53*FacultyCreditHoursPerCredit -> 45 | T53: =IF(MOD(C53,2)=1,"Ongoing","Upcoming") -> Upcoming
A54: =INDEX('Curriculum Master'!$A$2:$A$57,MATCH(E54,'Curriculum Master'!$D$2:$D$57,0)) -> 2026-27 | B54: =IF(MOD(C54,2)=1,"Odd (Jul-Nov "&LEFT(A54,4)&")","Even (Jan-Apr "&(LEFT(A54,4)+1)&")") -> Even (Jan-Apr 2027) | C54: =INDEX('Curriculum Master'!$C$2:$C$57,MATCH(E54,'Curriculum Master'!$D$2:$D$57,0)) -> 4 | D54: =(LEFT(A54,4)-INT((C54-1)/2))&"-"&RIGHT(LEFT(A54,4)-INT((C54-1)/2)+3,2) -> 2025-28 | E54: BBA405 | F54: =INDEX('Curriculum Master'!$E$2:$E$57,MATCH(E54,'Curriculum Master'!$D$2:$D$57,0)) -> Corporate Finance & Banking | G54: =INDEX('Curriculum Master'!$F$2:$F$57,MATCH(E54,'Curriculum Master'!$D$2:$D$57,0)) -> Finance & Accounting | H54: =INDEX('Curriculum Master'!$N$2:$N$57,MATCH(E54,'Curriculum Master'!$D$2:$D$57,0)) -> Core | I54: =INDEX('Curriculum Master'!$R$2:$R$57,MATCH(E54,'Curriculum Master'!$D$2:$D$57,0)) -> F014 | J54: =INDEX('Faculty Master'!$B$2:$B$21,MATCH(I54,'Faculty Master'!$A$2:$A$21,0)) -> Dr. Sanjay Deshmukh | K54: B | L54: =COUNTIF('Faculty Utilization'!$E$2:$E$91,E54) -> 2 | M54: =COUNTIFS('Student Master'!$E$2:$E$121,D54,'Student Master'!$I$2:$I$121,K54) -> 20 | N54: =INDEX('Curriculum Master'!$G$2:$G$57,MATCH(E54,'Curriculum Master'!$D$2:$D$57,0)) -> 3 | O54: =N54*SessionsPerCredit -> 30 | P54: =MinutesPerSession -> 75 | Q54: =O54*P54 -> 2250 | R54: =Q54/60 -> 37.5 | S54: =N54*FacultyCreditHoursPerCredit -> 45 | T54: =IF(MOD(C54,2)=1,"Ongoing","Upcoming") -> Upcoming
A55: =INDEX('Curriculum Master'!$A$2:$A$57,MATCH(E55,'Curriculum Master'!$D$2:$D$57,0)) -> 2026-27 | B55: =IF(MOD(C55,2)=1,"Odd (Jul-Nov "&LEFT(A55,4)&")","Even (Jan-Apr "&(LEFT(A55,4)+1)&")") -> Even (Jan-Apr 2027) | C55: =INDEX('Curriculum Master'!$C$2:$C$57,MATCH(E55,'Curriculum Master'!$D$2:$D$57,0)) -> 4 | D55: =(LEFT(A55,4)-INT((C55-1)/2))&"-"&RIGHT(LEFT(A55,4)-INT((C55-1)/2)+3,2) -> 2025-28 | E55: BBA406 | F55: =INDEX('Curriculum Master'!$E$2:$E$57,MATCH(E55,'Curriculum Master'!$D$2:$D$57,0)) -> Business Simulation Workshop | G55: =INDEX('Curriculum Master'!$F$2:$F$57,MATCH(E55,'Curriculum Master'!$D$2:$D$57,0)) -> Strategy | H55: =INDEX('Curriculum Master'!$N$2:$N$57,MATCH(E55,'Curriculum Master'!$D$2:$D$57,0)) -> Core | I55: =INDEX('Curriculum Master'!$R$2:$R$57,MATCH(E55,'Curriculum Master'!$D$2:$D$57,0)) -> F008 | J55: =INDEX('Faculty Master'!$B$2:$B$21,MATCH(I55,'Faculty Master'!$A$2:$A$21,0)) -> Prof. Joseph Varghese | K55: A | L55: =COUNTIF('Faculty Utilization'!$E$2:$E$91,E55) -> 2 | M55: =COUNTIFS('Student Master'!$E$2:$E$121,D55,'Student Master'!$I$2:$I$121,K55) -> 20 | N55: =INDEX('Curriculum Master'!$G$2:$G$57,MATCH(E55,'Curriculum Master'!$D$2:$D$57,0)) -> 3 | O55: =N55*SessionsPerCredit -> 30 | P55: =MinutesPerSession -> 75 | Q55: =O55*P55 -> 2250 | R55: =Q55/60 -> 37.5 | S55: =N55*FacultyCreditHoursPerCredit -> 45 | T55: =IF(MOD(C55,2)=1,"Ongoing","Upcoming") -> Upcoming
A56: =INDEX('Curriculum Master'!$A$2:$A$57,MATCH(E56,'Curriculum Master'!$D$2:$D$57,0)) -> 2026-27 | B56: =IF(MOD(C56,2)=1,"Odd (Jul-Nov "&LEFT(A56,4)&")","Even (Jan-Apr "&(LEFT(A56,4)+1)&")") -> Even (Jan-Apr 2027) | C56: =INDEX('Curriculum Master'!$C$2:$C$57,MATCH(E56,'Curriculum Master'!$D$2:$D$57,0)) -> 4 | D56: =(LEFT(A56,4)-INT((C56-1)/2))&"-"&RIGHT(LEFT(A56,4)-INT((C56-1)/2)+3,2) -> 2025-28 | E56: BBA406 | F56: =INDEX('Curriculum Master'!$E$2:$E$57,MATCH(E56,'Curriculum Master'!$D$2:$D$57,0)) -> Business Simulation Workshop | G56: =INDEX('Curriculum Master'!$F$2:$F$57,MATCH(E56,'Curriculum Master'!$D$2:$D$57,0)) -> Strategy | H56: =INDEX('Curriculum Master'!$N$2:$N$57,MATCH(E56,'Curriculum Master'!$D$2:$D$57,0)) -> Core | I56: =INDEX('Curriculum Master'!$R$2:$R$57,MATCH(E56,'Curriculum Master'!$D$2:$D$57,0)) -> F008 | J56: =INDEX('Faculty Master'!$B$2:$B$21,MATCH(I56,'Faculty Master'!$A$2:$A$21,0)) -> Prof. Joseph Varghese | K56: B | L56: =COUNTIF('Faculty Utilization'!$E$2:$E$91,E56) -> 2 | M56: =COUNTIFS('Student Master'!$E$2:$E$121,D56,'Student Master'!$I$2:$I$121,K56) -> 20 | N56: =INDEX('Curriculum Master'!$G$2:$G$57,MATCH(E56,'Curriculum Master'!$D$2:$D$57,0)) -> 3 | O56: =N56*SessionsPerCredit -> 30 | P56: =MinutesPerSession -> 75 | Q56: =O56*P56 -> 2250 | R56: =Q56/60 -> 37.5 | S56: =N56*FacultyCreditHoursPerCredit -> 45 | T56: =IF(MOD(C56,2)=1,"Ongoing","Upcoming") -> Upcoming
A57: =INDEX('Curriculum Master'!$A$2:$A$57,MATCH(E57,'Curriculum Master'!$D$2:$D$57,0)) -> 2026-27 | B57: =IF(MOD(C57,2)=1,"Odd (Jul-Nov "&LEFT(A57,4)&")","Even (Jan-Apr "&(LEFT(A57,4)+1)&")") -> Even (Jan-Apr 2027) | C57: =INDEX('Curriculum Master'!$C$2:$C$57,MATCH(E57,'Curriculum Master'!$D$2:$D$57,0)) -> 4 | D57: =(LEFT(A57,4)-INT((C57-1)/2))&"-"&RIGHT(LEFT(A57,4)-INT((C57-1)/2)+3,2) -> 2025-28 | E57: BBA4E1 | F57: =INDEX('Curriculum Master'!$E$2:$E$57,MATCH(E57,'Curriculum Master'!$D$2:$D$57,0)) -> Digital Marketing Fundamentals | G57: =INDEX('Curriculum Master'!$F$2:$F$57,MATCH(E57,'Curriculum Master'!$D$2:$D$57,0)) -> Marketing | H57: =INDEX('Curriculum Master'!$N$2:$N$57,MATCH(E57,'Curriculum Master'!$D$2:$D$57,0)) -> Elective | I57: =INDEX('Curriculum Master'!$R$2:$R$57,MATCH(E57,'Curriculum Master'!$D$2:$D$57,0)) -> F020 | J57: =INDEX('Faculty Master'!$B$2:$B$21,MATCH(I57,'Faculty Master'!$A$2:$A$21,0)) -> Mr. Aditya Kapoor | K57: A | L57: =COUNTIF('Faculty Utilization'!$E$2:$E$91,E57) -> 1 | M57: =INT(COUNTIFS('Student Master'!$E$2:$E$121,D57,'Student Master'!$L$2:$L$121,F57)/L57)+IF(CODE(K57)-64<=MOD(COUNTIFS('Student Master'!$E$2:$E$121,D57,'Student Master'!$L$2:$L$121,F57),L57),1,0) -> 15 | N57: =INDEX('Curriculum Master'!$G$2:$G$57,MATCH(E57,'Curriculum Master'!$D$2:$D$57,0)) -> 2 | O57: =N57*SessionsPerCredit -> 20 | P57: =MinutesPerSession -> 75 | Q57: =O57*P57 -> 1500 | R57: =Q57/60 -> 25 | S57: =N57*FacultyCreditHoursPerCredit -> 30 | T57: =IF(MOD(C57,2)=1,"Ongoing","Upcoming") -> Upcoming
A58: =INDEX('Curriculum Master'!$A$2:$A$57,MATCH(E58,'Curriculum Master'!$D$2:$D$57,0)) -> 2026-27 | B58: =IF(MOD(C58,2)=1,"Odd (Jul-Nov "&LEFT(A58,4)&")","Even (Jan-Apr "&(LEFT(A58,4)+1)&")") -> Even (Jan-Apr 2027) | C58: =INDEX('Curriculum Master'!$C$2:$C$57,MATCH(E58,'Curriculum Master'!$D$2:$D$57,0)) -> 4 | D58: =(LEFT(A58,4)-INT((C58-1)/2))&"-"&RIGHT(LEFT(A58,4)-INT((C58-1)/2)+3,2) -> 2025-28 | E58: BBA4E2 | F58: =INDEX('Curriculum Master'!$E$2:$E$57,MATCH(E58,'Curriculum Master'!$D$2:$D$57,0)) -> German Language II | G58: =INDEX('Curriculum Master'!$F$2:$F$57,MATCH(E58,'Curriculum Master'!$D$2:$D$57,0)) -> Social Science | H58: =INDEX('Curriculum Master'!$N$2:$N$57,MATCH(E58,'Curriculum Master'!$D$2:$D$57,0)) -> Elective | I58: =INDEX('Curriculum Master'!$R$2:$R$57,MATCH(E58,'Curriculum Master'!$D$2:$D$57,0)) -> F015 | J58: =INDEX('Faculty Master'!$B$2:$B$21,MATCH(I58,'Faculty Master'!$A$2:$A$21,0)) -> Ms. Anna Fischer | K58: A | L58: =COUNTIF('Faculty Utilization'!$E$2:$E$91,E58) -> 1 | M58: =INT(COUNTIFS('Student Master'!$E$2:$E$121,D58,'Student Master'!$L$2:$L$121,F58)/L58)+IF(CODE(K58)-64<=MOD(COUNTIFS('Student Master'!$E$2:$E$121,D58,'Student Master'!$L$2:$L$121,F58),L58),1,0) -> 15 | N58: =INDEX('Curriculum Master'!$G$2:$G$57,MATCH(E58,'Curriculum Master'!$D$2:$D$57,0)) -> 2 | O58: =N58*SessionsPerCredit -> 20 | P58: =MinutesPerSession -> 75 | Q58: =O58*P58 -> 1500 | R58: =Q58/60 -> 25 | S58: =N58*FacultyCreditHoursPerCredit -> 30 | T58: =IF(MOD(C58,2)=1,"Ongoing","Upcoming") -> Upcoming
A59: =INDEX('Curriculum Master'!$A$2:$A$57,MATCH(E59,'Curriculum Master'!$D$2:$D$57,0)) -> 2026-27 | B59: =IF(MOD(C59,2)=1,"Odd (Jul-Nov "&LEFT(A59,4)&")","Even (Jan-Apr "&(LEFT(A59,4)+1)&")") -> Even (Jan-Apr 2027) | C59: =INDEX('Curriculum Master'!$C$2:$C$57,MATCH(E59,'Curriculum Master'!$D$2:$D$57,0)) -> 4 | D59: =(LEFT(A59,4)-INT((C59-1)/2))&"-"&RIGHT(LEFT(A59,4)-INT((C59-1)/2)+3,2) -> 2025-28 | E59: BBA4E3 | F59: =INDEX('Curriculum Master'!$E$2:$E$57,MATCH(E59,'Curriculum Master'!$D$2:$D$57,0)) -> Behavioural Economics | G59: =INDEX('Curriculum Master'!$F$2:$F$57,MATCH(E59,'Curriculum Master'!$D$2:$D$57,0)) -> Economics | H59: =INDEX('Curriculum Master'!$N$2:$N$57,MATCH(E59,'Curriculum Master'!$D$2:$D$57,0)) -> Elective | I59: =INDEX('Curriculum Master'!$R$2:$R$57,MATCH(E59,'Curriculum Master'!$D$2:$D$57,0)) -> F016 | J59: =INDEX('Faculty Master'!$B$2:$B$21,MATCH(I59,'Faculty Master'!$A$2:$A$21,0)) -> Dr. Imran Qureshi | K59: A | L59: =COUNTIF('Faculty Utilization'!$E$2:$E$91,E59) -> 1 | M59: =INT(COUNTIFS('Student Master'!$E$2:$E$121,D59,'Student Master'!$L$2:$L$121,F59)/L59)+IF(CODE(K59)-64<=MOD(COUNTIFS('Student Master'!$E$2:$E$121,D59,'Student Master'!$L$2:$L$121,F59),L59),1,0) -> 10 | N59: =INDEX('Curriculum Master'!$G$2:$G$57,MATCH(E59,'Curriculum Master'!$D$2:$D$57,0)) -> 2 | O59: =N59*SessionsPerCredit -> 20 | P59: =MinutesPerSession -> 75 | Q59: =O59*P59 -> 1500 | R59: =Q59/60 -> 25 | S59: =N59*FacultyCreditHoursPerCredit -> 30 | T59: =IF(MOD(C59,2)=1,"Ongoing","Upcoming") -> Upcoming
A60: =INDEX('Curriculum Master'!$A$2:$A$57,MATCH(E60,'Curriculum Master'!$D$2:$D$57,0)) -> 2026-27 | B60: =IF(MOD(C60,2)=1,"Odd (Jul-Nov "&LEFT(A60,4)&")","Even (Jan-Apr "&(LEFT(A60,4)+1)&")") -> Odd (Jul-Nov 2026) | C60: =INDEX('Curriculum Master'!$C$2:$C$57,MATCH(E60,'Curriculum Master'!$D$2:$D$57,0)) -> 5 | D60: =(LEFT(A60,4)-INT((C60-1)/2))&"-"&RIGHT(LEFT(A60,4)-INT((C60-1)/2)+3,2) -> 2024-27 | E60: BBA501 | F60: =INDEX('Curriculum Master'!$E$2:$E$57,MATCH(E60,'Curriculum Master'!$D$2:$D$57,0)) -> Strategic Management | G60: =INDEX('Curriculum Master'!$F$2:$F$57,MATCH(E60,'Curriculum Master'!$D$2:$D$57,0)) -> Strategy | H60: =INDEX('Curriculum Master'!$N$2:$N$57,MATCH(E60,'Curriculum Master'!$D$2:$D$57,0)) -> Core | I60: =INDEX('Curriculum Master'!$R$2:$R$57,MATCH(E60,'Curriculum Master'!$D$2:$D$57,0)) -> F001 | J60: =INDEX('Faculty Master'!$B$2:$B$21,MATCH(I60,'Faculty Master'!$A$2:$A$21,0)) -> Prof. (Dr.) Meera Raghavan | K60: A | L60: =COUNTIF('Faculty Utilization'!$E$2:$E$91,E60) -> 2 | M60: =COUNTIFS('Student Master'!$E$2:$E$121,D60,'Student Master'!$I$2:$I$121,K60) -> 20 | N60: =INDEX('Curriculum Master'!$G$2:$G$57,MATCH(E60,'Curriculum Master'!$D$2:$D$57,0)) -> 4 | O60: =N60*SessionsPerCredit -> 40 | P60: =MinutesPerSession -> 75 | Q60: =O60*P60 -> 3000 | R60: =Q60/60 -> 50 | S60: =N60*FacultyCreditHoursPerCredit -> 60 | T60: =IF(MOD(C60,2)=1,"Ongoing","Upcoming") -> Ongoing
A61: =INDEX('Curriculum Master'!$A$2:$A$57,MATCH(E61,'Curriculum Master'!$D$2:$D$57,0)) -> 2026-27 | B61: =IF(MOD(C61,2)=1,"Odd (Jul-Nov "&LEFT(A61,4)&")","Even (Jan-Apr "&(LEFT(A61,4)+1)&")") -> Odd (Jul-Nov 2026) | C61: =INDEX('Curriculum Master'!$C$2:$C$57,MATCH(E61,'Curriculum Master'!$D$2:$D$57,0)) -> 5 | D61: =(LEFT(A61,4)-INT((C61-1)/2))&"-"&RIGHT(LEFT(A61,4)-INT((C61-1)/2)+3,2) -> 2024-27 | E61: BBA501 | F61: =INDEX('Curriculum Master'!$E$2:$E$57,MATCH(E61,'Curriculum Master'!$D$2:$D$57,0)) -> Strategic Management | G61: =INDEX('Curriculum Master'!$F$2:$F$57,MATCH(E61,'Curriculum Master'!$D$2:$D$57,0)) -> Strategy | H61: =INDEX('Curriculum Master'!$N$2:$N$57,MATCH(E61,'Curriculum Master'!$D$2:$D$57,0)) -> Core | I61: =INDEX('Curriculum Master'!$R$2:$R$57,MATCH(E61,'Curriculum Master'!$D$2:$D$57,0)) -> F001 | J61: =INDEX('Faculty Master'!$B$2:$B$21,MATCH(I61,'Faculty Master'!$A$2:$A$21,0)) -> Prof. (Dr.) Meera Raghavan | K61: B | L61: =COUNTIF('Faculty Utilization'!$E$2:$E$91,E61) -> 2 | M61: =COUNTIFS('Student Master'!$E$2:$E$121,D61,'Student Master'!$I$2:$I$121,K61) -> 20 | N61: =INDEX('Curriculum Master'!$G$2:$G$57,MATCH(E61,'Curriculum Master'!$D$2:$D$57,0)) -> 4 | O61: =N61*SessionsPerCredit -> 40 | P61: =MinutesPerSession -> 75 | Q61: =O61*P61 -> 3000 | R61: =Q61/60 -> 50 | S61: =N61*FacultyCreditHoursPerCredit -> 60 | T61: =IF(MOD(C61,2)=1,"Ongoing","Upcoming") -> Ongoing
A62: =INDEX('Curriculum Master'!$A$2:$A$57,MATCH(E62,'Curriculum Master'!$D$2:$D$57,0)) -> 2026-27 | B62: =IF(MOD(C62,2)=1,"Odd (Jul-Nov "&LEFT(A62,4)&")","Even (Jan-Apr "&(LEFT(A62,4)+1)&")") -> Odd (Jul-Nov 2026) | C62: =INDEX('Curriculum Master'!$C$2:$C$57,MATCH(E62,'Curriculum Master'!$D$2:$D$57,0)) -> 5 | D62: =(LEFT(A62,4)-INT((C62-1)/2))&"-"&RIGHT(LEFT(A62,4)-INT((C62-1)/2)+3,2) -> 2024-27 | E62: BBA502 | F62: =INDEX('Curriculum Master'!$E$2:$E$57,MATCH(E62,'Curriculum Master'!$D$2:$D$57,0)) -> Business Ethics & Corporate Governance | G62: =INDEX('Curriculum Master'!$F$2:$F$57,MATCH(E62,'Curriculum Master'!$D$2:$D$57,0)) -> Social Science | H62: =INDEX('Curriculum Master'!$N$2:$N$57,MATCH(E62,'Curriculum Master'!$D$2:$D$57,0)) -> Core | I62: =INDEX('Curriculum Master'!$R$2:$R$57,MATCH(E62,'Curriculum Master'!$D$2:$D$57,0)) -> F019 | J62: =INDEX('Faculty Master'!$B$2:$B$21,MATCH(I62,'Faculty Master'!$A$2:$A$21,0)) -> Dr. Nandini Das | K62: A | L62: =COUNTIF('Faculty Utilization'!$E$2:$E$91,E62) -> 2 | M62: =COUNTIFS('Student Master'!$E$2:$E$121,D62,'Student Master'!$I$2:$I$121,K62) -> 20 | N62: =INDEX('Curriculum Master'!$G$2:$G$57,MATCH(E62,'Curriculum Master'!$D$2:$D$57,0)) -> 3 | O62: =N62*SessionsPerCredit -> 30 | P62: =MinutesPerSession -> 75 | Q62: =O62*P62 -> 2250 | R62: =Q62/60 -> 37.5 | S62: =N62*FacultyCreditHoursPerCredit -> 45 | T62: =IF(MOD(C62,2)=1,"Ongoing","Upcoming") -> Ongoing
A63: =INDEX('Curriculum Master'!$A$2:$A$57,MATCH(E63,'Curriculum Master'!$D$2:$D$57,0)) -> 2026-27 | B63: =IF(MOD(C63,2)=1,"Odd (Jul-Nov "&LEFT(A63,4)&")","Even (Jan-Apr "&(LEFT(A63,4)+1)&")") -> Odd (Jul-Nov 2026) | C63: =INDEX('Curriculum Master'!$C$2:$C$57,MATCH(E63,'Curriculum Master'!$D$2:$D$57,0)) -> 5 | D63: =(LEFT(A63,4)-INT((C63-1)/2))&"-"&RIGHT(LEFT(A63,4)-INT((C63-1)/2)+3,2) -> 2024-27 | E63: BBA502 | F63: =INDEX('Curriculum Master'!$E$2:$E$57,MATCH(E63,'Curriculum Master'!$D$2:$D$57,0)) -> Business Ethics & Corporate Governance | G63: =INDEX('Curriculum Master'!$F$2:$F$57,MATCH(E63,'Curriculum Master'!$D$2:$D$57,0)) -> Social Science | H63: =INDEX('Curriculum Master'!$N$2:$N$57,MATCH(E63,'Curriculum Master'!$D$2:$D$57,0)) -> Core | I63: =INDEX('Curriculum Master'!$R$2:$R$57,MATCH(E63,'Curriculum Master'!$D$2:$D$57,0)) -> F019 | J63: =INDEX('Faculty Master'!$B$2:$B$21,MATCH(I63,'Faculty Master'!$A$2:$A$21,0)) -> Dr. Nandini Das | K63: B | L63: =COUNTIF('Faculty Utilization'!$E$2:$E$91,E63) -> 2 | M63: =COUNTIFS('Student Master'!$E$2:$E$121,D63,'Student Master'!$I$2:$I$121,K63) -> 20 | N63: =INDEX('Curriculum Master'!$G$2:$G$57,MATCH(E63,'Curriculum Master'!$D$2:$D$57,0)) -> 3 | O63: =N63*SessionsPerCredit -> 30 | P63: =MinutesPerSession -> 75 | Q63: =O63*P63 -> 2250 | R63: =Q63/60 -> 37.5 | S63: =N63*FacultyCreditHoursPerCredit -> 45 | T63: =IF(MOD(C63,2)=1,"Ongoing","Upcoming") -> Ongoing
A64: =INDEX('Curriculum Master'!$A$2:$A$57,MATCH(E64,'Curriculum Master'!$D$2:$D$57,0)) -> 2026-27 | B64: =IF(MOD(C64,2)=1,"Odd (Jul-Nov "&LEFT(A64,4)&")","Even (Jan-Apr "&(LEFT(A64,4)+1)&")") -> Odd (Jul-Nov 2026) | C64: =INDEX('Curriculum Master'!$C$2:$C$57,MATCH(E64,'Curriculum Master'!$D$2:$D$57,0)) -> 5 | D64: =(LEFT(A64,4)-INT((C64-1)/2))&"-"&RIGHT(LEFT(A64,4)-INT((C64-1)/2)+3,2) -> 2024-27 | E64: BBA503 | F64: =INDEX('Curriculum Master'!$E$2:$E$57,MATCH(E64,'Curriculum Master'!$D$2:$D$57,0)) -> Summer Internship Report & Viva | G64: =INDEX('Curriculum Master'!$F$2:$F$57,MATCH(E64,'Curriculum Master'!$D$2:$D$57,0)) -> Strategy | H64: =INDEX('Curriculum Master'!$N$2:$N$57,MATCH(E64,'Curriculum Master'!$D$2:$D$57,0)) -> Core | I64: =INDEX('Curriculum Master'!$R$2:$R$57,MATCH(E64,'Curriculum Master'!$D$2:$D$57,0)) -> F012 | J64: =INDEX('Faculty Master'!$B$2:$B$21,MATCH(I64,'Faculty Master'!$A$2:$A$21,0)) -> Prof. Ankit Shah | K64: A | L64: =COUNTIF('Faculty Utilization'!$E$2:$E$91,E64) -> 2 | M64: =COUNTIFS('Student Master'!$E$2:$E$121,D64,'Student Master'!$I$2:$I$121,K64) -> 20 | N64: =INDEX('Curriculum Master'!$G$2:$G$57,MATCH(E64,'Curriculum Master'!$D$2:$D$57,0)) -> 4 | O64: =N64*SessionsPerCredit -> 40 | P64: =MinutesPerSession -> 75 | Q64: =O64*P64 -> 3000 | R64: =Q64/60 -> 50 | S64: =N64*FacultyCreditHoursPerCredit -> 60 | T64: =IF(MOD(C64,2)=1,"Ongoing","Upcoming") -> Ongoing
A65: =INDEX('Curriculum Master'!$A$2:$A$57,MATCH(E65,'Curriculum Master'!$D$2:$D$57,0)) -> 2026-27 | B65: =IF(MOD(C65,2)=1,"Odd (Jul-Nov "&LEFT(A65,4)&")","Even (Jan-Apr "&(LEFT(A65,4)+1)&")") -> Odd (Jul-Nov 2026) | C65: =INDEX('Curriculum Master'!$C$2:$C$57,MATCH(E65,'Curriculum Master'!$D$2:$D$57,0)) -> 5 | D65: =(LEFT(A65,4)-INT((C65-1)/2))&"-"&RIGHT(LEFT(A65,4)-INT((C65-1)/2)+3,2) -> 2024-27 | E65: BBA503 | F65: =INDEX('Curriculum Master'!$E$2:$E$57,MATCH(E65,'Curriculum Master'!$D$2:$D$57,0)) -> Summer Internship Report & Viva | G65: =INDEX('Curriculum Master'!$F$2:$F$57,MATCH(E65,'Curriculum Master'!$D$2:$D$57,0)) -> Strategy | H65: =INDEX('Curriculum Master'!$N$2:$N$57,MATCH(E65,'Curriculum Master'!$D$2:$D$57,0)) -> Core | I65: =INDEX('Curriculum Master'!$R$2:$R$57,MATCH(E65,'Curriculum Master'!$D$2:$D$57,0)) -> F012 | J65: =INDEX('Faculty Master'!$B$2:$B$21,MATCH(I65,'Faculty Master'!$A$2:$A$21,0)) -> Prof. Ankit Shah | K65: B | L65: =COUNTIF('Faculty Utilization'!$E$2:$E$91,E65) -> 2 | M65: =COUNTIFS('Student Master'!$E$2:$E$121,D65,'Student Master'!$I$2:$I$121,K65) -> 20 | N65: =INDEX('Curriculum Master'!$G$2:$G$57,MATCH(E65,'Curriculum Master'!$D$2:$D$57,0)) -> 4 | O65: =N65*SessionsPerCredit -> 40 | P65: =MinutesPerSession -> 75 | Q65: =O65*P65 -> 3000 | R65: =Q65/60 -> 50 | S65: =N65*FacultyCreditHoursPerCredit -> 60 | T65: =IF(MOD(C65,2)=1,"Ongoing","Upcoming") -> Ongoing
A66: =INDEX('Curriculum Master'!$A$2:$A$57,MATCH(E66,'Curriculum Master'!$D$2:$D$57,0)) -> 2026-27 | B66: =IF(MOD(C66,2)=1,"Odd (Jul-Nov "&LEFT(A66,4)&")","Even (Jan-Apr "&(LEFT(A66,4)+1)&")") -> Odd (Jul-Nov 2026) | C66: =INDEX('Curriculum Master'!$C$2:$C$57,MATCH(E66,'Curriculum Master'!$D$2:$D$57,0)) -> 5 | D66: =(LEFT(A66,4)-INT((C66-1)/2))&"-"&RIGHT(LEFT(A66,4)-INT((C66-1)/2)+3,2) -> 2024-27 | E66: BBA504 | F66: =INDEX('Curriculum Master'!$E$2:$E$57,MATCH(E66,'Curriculum Master'!$D$2:$D$57,0)) -> Leadership Lab | G66: =INDEX('Curriculum Master'!$F$2:$F$57,MATCH(E66,'Curriculum Master'!$D$2:$D$57,0)) -> HR & OB | H66: =INDEX('Curriculum Master'!$N$2:$N$57,MATCH(E66,'Curriculum Master'!$D$2:$D$57,0)) -> Core | I66: =INDEX('Curriculum Master'!$R$2:$R$57,MATCH(E66,'Curriculum Master'!$D$2:$D$57,0)) -> F017 | J66: =INDEX('Faculty Master'!$B$2:$B$21,MATCH(I66,'Faculty Master'!$A$2:$A$21,0)) -> Dr. Pooja Iyer | K66: A | L66: =COUNTIF('Faculty Utilization'!$E$2:$E$91,E66) -> 2 | M66: =COUNTIFS('Student Master'!$E$2:$E$121,D66,'Student Master'!$I$2:$I$121,K66) -> 20 | N66: =INDEX('Curriculum Master'!$G$2:$G$57,MATCH(E66,'Curriculum Master'!$D$2:$D$57,0)) -> 3 | O66: =N66*SessionsPerCredit -> 30 | P66: =MinutesPerSession -> 75 | Q66: =O66*P66 -> 2250 | R66: =Q66/60 -> 37.5 | S66: =N66*FacultyCreditHoursPerCredit -> 45 | T66: =IF(MOD(C66,2)=1,"Ongoing","Upcoming") -> Ongoing
A67: =INDEX('Curriculum Master'!$A$2:$A$57,MATCH(E67,'Curriculum Master'!$D$2:$D$57,0)) -> 2026-27 | B67: =IF(MOD(C67,2)=1,"Odd (Jul-Nov "&LEFT(A67,4)&")","Even (Jan-Apr "&(LEFT(A67,4)+1)&")") -> Odd (Jul-Nov 2026) | C67: =INDEX('Curriculum Master'!$C$2:$C$57,MATCH(E67,'Curriculum Master'!$D$2:$D$57,0)) -> 5 | D67: =(LEFT(A67,4)-INT((C67-1)/2))&"-"&RIGHT(LEFT(A67,4)-INT((C67-1)/2)+3,2) -> 2024-27 | E67: BBA504 | F67: =INDEX('Curriculum Master'!$E$2:$E$57,MATCH(E67,'Curriculum Master'!$D$2:$D$57,0)) -> Leadership Lab | G67: =INDEX('Curriculum Master'!$F$2:$F$57,MATCH(E67,'Curriculum Master'!$D$2:$D$57,0)) -> HR & OB | H67: =INDEX('Curriculum Master'!$N$2:$N$57,MATCH(E67,'Curriculum Master'!$D$2:$D$57,0)) -> Core | I67: =INDEX('Curriculum Master'!$R$2:$R$57,MATCH(E67,'Curriculum Master'!$D$2:$D$57,0)) -> F017 | J67: =INDEX('Faculty Master'!$B$2:$B$21,MATCH(I67,'Faculty Master'!$A$2:$A$21,0)) -> Dr. Pooja Iyer | K67: B | L67: =COUNTIF('Faculty Utilization'!$E$2:$E$91,E67) -> 2 | M67: =COUNTIFS('Student Master'!$E$2:$E$121,D67,'Student Master'!$I$2:$I$121,K67) -> 20 | N67: =INDEX('Curriculum Master'!$G$2:$G$57,MATCH(E67,'Curriculum Master'!$D$2:$D$57,0)) -> 3 | O67: =N67*SessionsPerCredit -> 30 | P67: =MinutesPerSession -> 75 | Q67: =O67*P67 -> 2250 | R67: =Q67/60 -> 37.5 | S67: =N67*FacultyCreditHoursPerCredit -> 45 | T67: =IF(MOD(C67,2)=1,"Ongoing","Upcoming") -> Ongoing
A68: =INDEX('Curriculum Master'!$A$2:$A$57,MATCH(E68,'Curriculum Master'!$D$2:$D$57,0)) -> 2026-27 | B68: =IF(MOD(C68,2)=1,"Odd (Jul-Nov "&LEFT(A68,4)&")","Even (Jan-Apr "&(LEFT(A68,4)+1)&")") -> Odd (Jul-Nov 2026) | C68: =INDEX('Curriculum Master'!$C$2:$C$57,MATCH(E68,'Curriculum Master'!$D$2:$D$57,0)) -> 5 | D68: =(LEFT(A68,4)-INT((C68-1)/2))&"-"&RIGHT(LEFT(A68,4)-INT((C68-1)/2)+3,2) -> 2024-27 | E68: MKT511 | F68: =INDEX('Curriculum Master'!$E$2:$E$57,MATCH(E68,'Curriculum Master'!$D$2:$D$57,0)) -> Sales & Distribution Management | G68: =INDEX('Curriculum Master'!$F$2:$F$57,MATCH(E68,'Curriculum Master'!$D$2:$D$57,0)) -> Marketing | H68: =INDEX('Curriculum Master'!$N$2:$N$57,MATCH(E68,'Curriculum Master'!$D$2:$D$57,0)) -> Elective | I68: =INDEX('Curriculum Master'!$R$2:$R$57,MATCH(E68,'Curriculum Master'!$D$2:$D$57,0)) -> F003 | J68: =INDEX('Faculty Master'!$B$2:$B$21,MATCH(I68,'Faculty Master'!$A$2:$A$21,0)) -> Dr. Sunita Menon | K68: A | L68: =COUNTIF('Faculty Utilization'!$E$2:$E$91,E68) -> 1 | M68: =INT(COUNTIFS('Student Master'!$E$2:$E$121,D68,'Student Master'!$J$2:$J$121,INDEX('Curriculum Master'!$O$2:$O$57,MATCH(E68,'Curriculum Master'!$D$2:$D$57,0)))/L68)+IF(CODE(K68)-64<=MOD(COUNTIFS('Student Master'!$E$2:$E$121,D68,'Student Master'!$J$2:$J$121,INDEX('Curriculum Master'!$O$2:$O$57,MATCH(E68,'Curriculum Master'!$D$2:$D$57,0))),L68),1,0) -> 12 | N68: =INDEX('Curriculum Master'!$G$2:$G$57,MATCH(E68,'Curriculum Master'!$D$2:$D$57,0)) -> 4 | O68: =N68*SessionsPerCredit -> 40 | P68: =MinutesPerSession -> 75 | Q68: =O68*P68 -> 3000 | R68: =Q68/60 -> 50 | S68: =N68*FacultyCreditHoursPerCredit -> 60 | T68: =IF(MOD(C68,2)=1,"Ongoing","Upcoming") -> Ongoing
A69: =INDEX('Curriculum Master'!$A$2:$A$57,MATCH(E69,'Curriculum Master'!$D$2:$D$57,0)) -> 2026-27 | B69: =IF(MOD(C69,2)=1,"Odd (Jul-Nov "&LEFT(A69,4)&")","Even (Jan-Apr "&(LEFT(A69,4)+1)&")") -> Odd (Jul-Nov 2026) | C69: =INDEX('Curriculum Master'!$C$2:$C$57,MATCH(E69,'Curriculum Master'!$D$2:$D$57,0)) -> 5 | D69: =(LEFT(A69,4)-INT((C69-1)/2))&"-"&RIGHT(LEFT(A69,4)-INT((C69-1)/2)+3,2) -> 2024-27 | E69: MKT512 | F69: =INDEX('Curriculum Master'!$E$2:$E$57,MATCH(E69,'Curriculum Master'!$D$2:$D$57,0)) -> Brand Management | G69: =INDEX('Curriculum Master'!$F$2:$F$57,MATCH(E69,'Curriculum Master'!$D$2:$D$57,0)) -> Marketing | H69: =INDEX('Curriculum Master'!$N$2:$N$57,MATCH(E69,'Curriculum Master'!$D$2:$D$57,0)) -> Elective | I69: =INDEX('Curriculum Master'!$R$2:$R$57,MATCH(E69,'Curriculum Master'!$D$2:$D$57,0)) -> F009 | J69: =INDEX('Faculty Master'!$B$2:$B$21,MATCH(I69,'Faculty Master'!$A$2:$A$21,0)) -> Dr. Priya Hegde | K69: A | L69: =COUNTIF('Faculty Utilization'!$E$2:$E$91,E69) -> 1 | M69: =INT(COUNTIFS('Student Master'!$E$2:$E$121,D69,'Student Master'!$J$2:$J$121,INDEX('Curriculum Master'!$O$2:$O$57,MATCH(E69,'Curriculum Master'!$D$2:$D$57,0)))/L69)+IF(CODE(K69)-64<=MOD(COUNTIFS('Student Master'!$E$2:$E$121,D69,'Student Master'!$J$2:$J$121,INDEX('Curriculum Master'!$O$2:$O$57,MATCH(E69,'Curriculum Master'!$D$2:$D$57,0))),L69),1,0) -> 12 | N69: =INDEX('Curriculum Master'!$G$2:$G$57,MATCH(E69,'Curriculum Master'!$D$2:$D$57,0)) -> 4 | O69: =N69*SessionsPerCredit -> 40 | P69: =MinutesPerSession -> 75 | Q69: =O69*P69 -> 3000 | R69: =Q69/60 -> 50 | S69: =N69*FacultyCreditHoursPerCredit -> 60 | T69: =IF(MOD(C69,2)=1,"Ongoing","Upcoming") -> Ongoing
A70: =INDEX('Curriculum Master'!$A$2:$A$57,MATCH(E70,'Curriculum Master'!$D$2:$D$57,0)) -> 2026-27 | B70: =IF(MOD(C70,2)=1,"Odd (Jul-Nov "&LEFT(A70,4)&")","Even (Jan-Apr "&(LEFT(A70,4)+1)&")") -> Odd (Jul-Nov 2026) | C70: =INDEX('Curriculum Master'!$C$2:$C$57,MATCH(E70,'Curriculum Master'!$D$2:$D$57,0)) -> 5 | D70: =(LEFT(A70,4)-INT((C70-1)/2))&"-"&RIGHT(LEFT(A70,4)-INT((C70-1)/2)+3,2) -> 2024-27 | E70: FIN511 | F70: =INDEX('Curriculum Master'!$E$2:$E$57,MATCH(E70,'Curriculum Master'!$D$2:$D$57,0)) -> Investment Analysis & Portfolio Management | G70: =INDEX('Curriculum Master'!$F$2:$F$57,MATCH(E70,'Curriculum Master'!$D$2:$D$57,0)) -> Finance & Accounting | H70: =INDEX('Curriculum Master'!$N$2:$N$57,MATCH(E70,'Curriculum Master'!$D$2:$D$57,0)) -> Elective | I70: =INDEX('Curriculum Master'!$R$2:$R$57,MATCH(E70,'Curriculum Master'!$D$2:$D$57,0)) -> F002 | J70: =INDEX('Faculty Master'!$B$2:$B$21,MATCH(I70,'Faculty Master'!$A$2:$A$21,0)) -> Dr. Arvind Kulkarni | K70: A | L70: =COUNTIF('Faculty Utilization'!$E$2:$E$91,E70) -> 1 | M70: =INT(COUNTIFS('Student Master'!$E$2:$E$121,D70,'Student Master'!$J$2:$J$121,INDEX('Curriculum Master'!$O$2:$O$57,MATCH(E70,'Curriculum Master'!$D$2:$D$57,0)))/L70)+IF(CODE(K70)-64<=MOD(COUNTIFS('Student Master'!$E$2:$E$121,D70,'Student Master'!$J$2:$J$121,INDEX('Curriculum Master'!$O$2:$O$57,MATCH(E70,'Curriculum Master'!$D$2:$D$57,0))),L70),1,0) -> 12 | N70: =INDEX('Curriculum Master'!$G$2:$G$57,MATCH(E70,'Curriculum Master'!$D$2:$D$57,0)) -> 4 | O70: =N70*SessionsPerCredit -> 40 | P70: =MinutesPerSession -> 75 | Q70: =O70*P70 -> 3000 | R70: =Q70/60 -> 50 | S70: =N70*FacultyCreditHoursPerCredit -> 60 | T70: =IF(MOD(C70,2)=1,"Ongoing","Upcoming") -> Ongoing
A71: =INDEX('Curriculum Master'!$A$2:$A$57,MATCH(E71,'Curriculum Master'!$D$2:$D$57,0)) -> 2026-27 | B71: =IF(MOD(C71,2)=1,"Odd (Jul-Nov "&LEFT(A71,4)&")","Even (Jan-Apr "&(LEFT(A71,4)+1)&")") -> Odd (Jul-Nov 2026) | C71: =INDEX('Curriculum Master'!$C$2:$C$57,MATCH(E71,'Curriculum Master'!$D$2:$D$57,0)) -> 5 | D71: =(LEFT(A71,4)-INT((C71-1)/2))&"-"&RIGHT(LEFT(A71,4)-INT((C71-1)/2)+3,2) -> 2024-27 | E71: FIN512 | F71: =INDEX('Curriculum Master'!$E$2:$E$57,MATCH(E71,'Curriculum Master'!$D$2:$D$57,0)) -> Financial Markets & Services | G71: =INDEX('Curriculum Master'!$F$2:$F$57,MATCH(E71,'Curriculum Master'!$D$2:$D$57,0)) -> Finance & Accounting | H71: =INDEX('Curriculum Master'!$N$2:$N$57,MATCH(E71,'Curriculum Master'!$D$2:$D$57,0)) -> Elective | I71: =INDEX('Curriculum Master'!$R$2:$R$57,MATCH(E71,'Curriculum Master'!$D$2:$D$57,0)) -> F007 | J71: =INDEX('Faculty Master'!$B$2:$B$21,MATCH(I71,'Faculty Master'!$A$2:$A$21,0)) -> Dr. Neha Agarwal | K71: A | L71: =COUNTIF('Faculty Utilization'!$E$2:$E$91,E71) -> 1 | M71: =INT(COUNTIFS('Student Master'!$E$2:$E$121,D71,'Student Master'!$J$2:$J$121,INDEX('Curriculum Master'!$O$2:$O$57,MATCH(E71,'Curriculum Master'!$D$2:$D$57,0)))/L71)+IF(CODE(K71)-64<=MOD(COUNTIFS('Student Master'!$E$2:$E$121,D71,'Student Master'!$J$2:$J$121,INDEX('Curriculum Master'!$O$2:$O$57,MATCH(E71,'Curriculum Master'!$D$2:$D$57,0))),L71),1,0) -> 12 | N71: =INDEX('Curriculum Master'!$G$2:$G$57,MATCH(E71,'Curriculum Master'!$D$2:$D$57,0)) -> 4 | O71: =N71*SessionsPerCredit -> 40 | P71: =MinutesPerSession -> 75 | Q71: =O71*P71 -> 3000 | R71: =Q71/60 -> 50 | S71: =N71*FacultyCreditHoursPerCredit -> 60 | T71: =IF(MOD(C71,2)=1,"Ongoing","Upcoming") -> Ongoing
A72: =INDEX('Curriculum Master'!$A$2:$A$57,MATCH(E72,'Curriculum Master'!$D$2:$D$57,0)) -> 2026-27 | B72: =IF(MOD(C72,2)=1,"Odd (Jul-Nov "&LEFT(A72,4)&")","Even (Jan-Apr "&(LEFT(A72,4)+1)&")") -> Odd (Jul-Nov 2026) | C72: =INDEX('Curriculum Master'!$C$2:$C$57,MATCH(E72,'Curriculum Master'!$D$2:$D$57,0)) -> 5 | D72: =(LEFT(A72,4)-INT((C72-1)/2))&"-"&RIGHT(LEFT(A72,4)-INT((C72-1)/2)+3,2) -> 2024-27 | E72: HRM511 | F72: =INDEX('Curriculum Master'!$E$2:$E$57,MATCH(E72,'Curriculum Master'!$D$2:$D$57,0)) -> Talent Acquisition & Management | G72: =INDEX('Curriculum Master'!$F$2:$F$57,MATCH(E72,'Curriculum Master'!$D$2:$D$57,0)) -> HR & OB | H72: =INDEX('Curriculum Master'!$N$2:$N$57,MATCH(E72,'Curriculum Master'!$D$2:$D$57,0)) -> Elective | I72: =INDEX('Curriculum Master'!$R$2:$R$57,MATCH(E72,'Curriculum Master'!$D$2:$D$57,0)) -> F005 | J72: =INDEX('Faculty Master'!$B$2:$B$21,MATCH(I72,'Faculty Master'!$A$2:$A$21,0)) -> Dr. Farah Siddiqui | K72: A | L72: =COUNTIF('Faculty Utilization'!$E$2:$E$91,E72) -> 1 | M72: =INT(COUNTIFS('Student Master'!$E$2:$E$121,D72,'Student Master'!$J$2:$J$121,INDEX('Curriculum Master'!$O$2:$O$57,MATCH(E72,'Curriculum Master'!$D$2:$D$57,0)))/L72)+IF(CODE(K72)-64<=MOD(COUNTIFS('Student Master'!$E$2:$E$121,D72,'Student Master'!$J$2:$J$121,INDEX('Curriculum Master'!$O$2:$O$57,MATCH(E72,'Curriculum Master'!$D$2:$D$57,0))),L72),1,0) -> 6 | N72: =INDEX('Curriculum Master'!$G$2:$G$57,MATCH(E72,'Curriculum Master'!$D$2:$D$57,0)) -> 4 | O72: =N72*SessionsPerCredit -> 40 | P72: =MinutesPerSession -> 75 | Q72: =O72*P72 -> 3000 | R72: =Q72/60 -> 50 | S72: =N72*FacultyCreditHoursPerCredit -> 60 | T72: =IF(MOD(C72,2)=1,"Ongoing","Upcoming") -> Ongoing
A73: =INDEX('Curriculum Master'!$A$2:$A$57,MATCH(E73,'Curriculum Master'!$D$2:$D$57,0)) -> 2026-27 | B73: =IF(MOD(C73,2)=1,"Odd (Jul-Nov "&LEFT(A73,4)&")","Even (Jan-Apr "&(LEFT(A73,4)+1)&")") -> Odd (Jul-Nov 2026) | C73: =INDEX('Curriculum Master'!$C$2:$C$57,MATCH(E73,'Curriculum Master'!$D$2:$D$57,0)) -> 5 | D73: =(LEFT(A73,4)-INT((C73-1)/2))&"-"&RIGHT(LEFT(A73,4)-INT((C73-1)/2)+3,2) -> 2024-27 | E73: HRM512 | F73: =INDEX('Curriculum Master'!$E$2:$E$57,MATCH(E73,'Curriculum Master'!$D$2:$D$57,0)) -> Compensation & Reward Management | G73: =INDEX('Curriculum Master'!$F$2:$F$57,MATCH(E73,'Curriculum Master'!$D$2:$D$57,0)) -> HR & OB | H73: =INDEX('Curriculum Master'!$N$2:$N$57,MATCH(E73,'Curriculum Master'!$D$2:$D$57,0)) -> Elective | I73: =INDEX('Curriculum Master'!$R$2:$R$57,MATCH(E73,'Curriculum Master'!$D$2:$D$57,0)) -> F017 | J73: =INDEX('Faculty Master'!$B$2:$B$21,MATCH(I73,'Faculty Master'!$A$2:$A$21,0)) -> Dr. Pooja Iyer | K73: A | L73: =COUNTIF('Faculty Utilization'!$E$2:$E$91,E73) -> 1 | M73: =INT(COUNTIFS('Student Master'!$E$2:$E$121,D73,'Student Master'!$J$2:$J$121,INDEX('Curriculum Master'!$O$2:$O$57,MATCH(E73,'Curriculum Master'!$D$2:$D$57,0)))/L73)+IF(CODE(K73)-64<=MOD(COUNTIFS('Student Master'!$E$2:$E$121,D73,'Student Master'!$J$2:$J$121,INDEX('Curriculum Master'!$O$2:$O$57,MATCH(E73,'Curriculum Master'!$D$2:$D$57,0))),L73),1,0) -> 6 | N73: =INDEX('Curriculum Master'!$G$2:$G$57,MATCH(E73,'Curriculum Master'!$D$2:$D$57,0)) -> 4 | O73: =N73*SessionsPerCredit -> 40 | P73: =MinutesPerSession -> 75 | Q73: =O73*P73 -> 3000 | R73: =Q73/60 -> 50 | S73: =N73*FacultyCreditHoursPerCredit -> 60 | T73: =IF(MOD(C73,2)=1,"Ongoing","Upcoming") -> Ongoing
A74: =INDEX('Curriculum Master'!$A$2:$A$57,MATCH(E74,'Curriculum Master'!$D$2:$D$57,0)) -> 2026-27 | B74: =IF(MOD(C74,2)=1,"Odd (Jul-Nov "&LEFT(A74,4)&")","Even (Jan-Apr "&(LEFT(A74,4)+1)&")") -> Odd (Jul-Nov 2026) | C74: =INDEX('Curriculum Master'!$C$2:$C$57,MATCH(E74,'Curriculum Master'!$D$2:$D$57,0)) -> 5 | D74: =(LEFT(A74,4)-INT((C74-1)/2))&"-"&RIGHT(LEFT(A74,4)-INT((C74-1)/2)+3,2) -> 2024-27 | E74: BAN511 | F74: =INDEX('Curriculum Master'!$E$2:$E$57,MATCH(E74,'Curriculum Master'!$D$2:$D$57,0)) -> Data Visualisation & Storytelling | G74: =INDEX('Curriculum Master'!$F$2:$F$57,MATCH(E74,'Curriculum Master'!$D$2:$D$57,0)) -> Analytics | H74: =INDEX('Curriculum Master'!$N$2:$N$57,MATCH(E74,'Curriculum Master'!$D$2:$D$57,0)) -> Elective | I74: =INDEX('Curriculum Master'!$R$2:$R$57,MATCH(E74,'Curriculum Master'!$D$2:$D$57,0)) -> F020 | J74: =INDEX('Faculty Master'!$B$2:$B$21,MATCH(I74,'Faculty Master'!$A$2:$A$21,0)) -> Mr. Aditya Kapoor | K74: A | L74: =COUNTIF('Faculty Utilization'!$E$2:$E$91,E74) -> 1 | M74: =INT(COUNTIFS('Student Master'!$E$2:$E$121,D74,'Student Master'!$J$2:$J$121,INDEX('Curriculum Master'!$O$2:$O$57,MATCH(E74,'Curriculum Master'!$D$2:$D$57,0)))/L74)+IF(CODE(K74)-64<=MOD(COUNTIFS('Student Master'!$E$2:$E$121,D74,'Student Master'!$J$2:$J$121,INDEX('Curriculum Master'!$O$2:$O$57,MATCH(E74,'Curriculum Master'!$D$2:$D$57,0))),L74),1,0) -> 10 | N74: =INDEX('Curriculum Master'!$G$2:$G$57,MATCH(E74,'Curriculum Master'!$D$2:$D$57,0)) -> 4 | O74: =N74*SessionsPerCredit -> 40 | P74: =MinutesPerSession -> 75 | Q74: =O74*P74 -> 3000 | R74: =Q74/60 -> 50 | S74: =N74*FacultyCreditHoursPerCredit -> 60 | T74: =IF(MOD(C74,2)=1,"Ongoing","Upcoming") -> Ongoing
A75: =INDEX('Curriculum Master'!$A$2:$A$57,MATCH(E75,'Curriculum Master'!$D$2:$D$57,0)) -> 2026-27 | B75: =IF(MOD(C75,2)=1,"Odd (Jul-Nov "&LEFT(A75,4)&")","Even (Jan-Apr "&(LEFT(A75,4)+1)&")") -> Odd (Jul-Nov 2026) | C75: =INDEX('Curriculum Master'!$C$2:$C$57,MATCH(E75,'Curriculum Master'!$D$2:$D$57,0)) -> 5 | D75: =(LEFT(A75,4)-INT((C75-1)/2))&"-"&RIGHT(LEFT(A75,4)-INT((C75-1)/2)+3,2) -> 2024-27 | E75: BAN512 | F75: =INDEX('Curriculum Master'!$E$2:$E$57,MATCH(E75,'Curriculum Master'!$D$2:$D$57,0)) -> Predictive Analytics for Business | G75: =INDEX('Curriculum Master'!$F$2:$F$57,MATCH(E75,'Curriculum Master'!$D$2:$D$57,0)) -> Analytics | H75: =INDEX('Curriculum Master'!$N$2:$N$57,MATCH(E75,'Curriculum Master'!$D$2:$D$57,0)) -> Elective | I75: =INDEX('Curriculum Master'!$R$2:$R$57,MATCH(E75,'Curriculum Master'!$D$2:$D$57,0)) -> F006 | J75: =INDEX('Faculty Master'!$B$2:$B$21,MATCH(I75,'Faculty Master'!$A$2:$A$21,0)) -> Prof. Karthik Subramanian | K75: A | L75: =COUNTIF('Faculty Utilization'!$E$2:$E$91,E75) -> 1 | M75: =INT(COUNTIFS('Student Master'!$E$2:$E$121,D75,'Student Master'!$J$2:$J$121,INDEX('Curriculum Master'!$O$2:$O$57,MATCH(E75,'Curriculum Master'!$D$2:$D$57,0)))/L75)+IF(CODE(K75)-64<=MOD(COUNTIFS('Student Master'!$E$2:$E$121,D75,'Student Master'!$J$2:$J$121,INDEX('Curriculum Master'!$O$2:$O$57,MATCH(E75,'Curriculum Master'!$D$2:$D$57,0))),L75),1,0) -> 10 | N75: =INDEX('Curriculum Master'!$G$2:$G$57,MATCH(E75,'Curriculum Master'!$D$2:$D$57,0)) -> 4 | O75: =N75*SessionsPerCredit -> 40 | P75: =MinutesPerSession -> 75 | Q75: =O75*P75 -> 3000 | R75: =Q75/60 -> 50 | S75: =N75*FacultyCreditHoursPerCredit -> 60 | T75: =IF(MOD(C75,2)=1,"Ongoing","Upcoming") -> Ongoing
A76: =INDEX('Curriculum Master'!$A$2:$A$57,MATCH(E76,'Curriculum Master'!$D$2:$D$57,0)) -> 2026-27 | B76: =IF(MOD(C76,2)=1,"Odd (Jul-Nov "&LEFT(A76,4)&")","Even (Jan-Apr "&(LEFT(A76,4)+1)&")") -> Even (Jan-Apr 2027) | C76: =INDEX('Curriculum Master'!$C$2:$C$57,MATCH(E76,'Curriculum Master'!$D$2:$D$57,0)) -> 6 | D76: =(LEFT(A76,4)-INT((C76-1)/2))&"-"&RIGHT(LEFT(A76,4)-INT((C76-1)/2)+3,2) -> 2024-27 | E76: BBA601 | F76: =INDEX('Curriculum Master'!$E$2:$E$57,MATCH(E76,'Curriculum Master'!$D$2:$D$57,0)) -> International Business | G76: =INDEX('Curriculum Master'!$F$2:$F$57,MATCH(E76,'Curriculum Master'!$D$2:$D$57,0)) -> Strategy | H76: =INDEX('Curriculum Master'!$N$2:$N$57,MATCH(E76,'Curriculum Master'!$D$2:$D$57,0)) -> Core | I76: =INDEX('Curriculum Master'!$R$2:$R$57,MATCH(E76,'Curriculum Master'!$D$2:$D$57,0)) -> F018 | J76: =INDEX('Faculty Master'!$B$2:$B$21,MATCH(I76,'Faculty Master'!$A$2:$A$21,0)) -> Prof. Vikram Rathore | K76: A | L76: =COUNTIF('Faculty Utilization'!$E$2:$E$91,E76) -> 2 | M76: =COUNTIFS('Student Master'!$E$2:$E$121,D76,'Student Master'!$I$2:$I$121,K76) -> 20 | N76: =INDEX('Curriculum Master'!$G$2:$G$57,MATCH(E76,'Curriculum Master'!$D$2:$D$57,0)) -> 4 | O76: =N76*SessionsPerCredit -> 40 | P76: =MinutesPerSession -> 75 | Q76: =O76*P76 -> 3000 | R76: =Q76/60 -> 50 | S76: =N76*FacultyCreditHoursPerCredit -> 60 | T76: =IF(MOD(C76,2)=1,"Ongoing","Upcoming") -> Upcoming
A77: =INDEX('Curriculum Master'!$A$2:$A$57,MATCH(E77,'Curriculum Master'!$D$2:$D$57,0)) -> 2026-27 | B77: =IF(MOD(C77,2)=1,"Odd (Jul-Nov "&LEFT(A77,4)&")","Even (Jan-Apr "&(LEFT(A77,4)+1)&")") -> Even (Jan-Apr 2027) | C77: =INDEX('Curriculum Master'!$C$2:$C$57,MATCH(E77,'Curriculum Master'!$D$2:$D$57,0)) -> 6 | D77: =(LEFT(A77,4)-INT((C77-1)/2))&"-"&RIGHT(LEFT(A77,4)-INT((C77-1)/2)+3,2) -> 2024-27 | E77: BBA601 | F77: =INDEX('Curriculum Master'!$E$2:$E$57,MATCH(E77,'Curriculum Master'!$D$2:$D$57,0)) -> International Business | G77: =INDEX('Curriculum Master'!$F$2:$F$57,MATCH(E77,'Curriculum Master'!$D$2:$D$57,0)) -> Strategy | H77: =INDEX('Curriculum Master'!$N$2:$N$57,MATCH(E77,'Curriculum Master'!$D$2:$D$57,0)) -> Core | I77: =INDEX('Curriculum Master'!$R$2:$R$57,MATCH(E77,'Curriculum Master'!$D$2:$D$57,0)) -> F018 | J77: =INDEX('Faculty Master'!$B$2:$B$21,MATCH(I77,'Faculty Master'!$A$2:$A$21,0)) -> Prof. Vikram Rathore | K77: B | L77: =COUNTIF('Faculty Utilization'!$E$2:$E$91,E77) -> 2 | M77: =COUNTIFS('Student Master'!$E$2:$E$121,D77,'Student Master'!$I$2:$I$121,K77) -> 20 | N77: =INDEX('Curriculum Master'!$G$2:$G$57,MATCH(E77,'Curriculum Master'!$D$2:$D$57,0)) -> 4 | O77: =N77*SessionsPerCredit -> 40 | P77: =MinutesPerSession -> 75 | Q77: =O77*P77 -> 3000 | R77: =Q77/60 -> 50 | S77: =N77*FacultyCreditHoursPerCredit -> 60 | T77: =IF(MOD(C77,2)=1,"Ongoing","Upcoming") -> Upcoming
A78: =INDEX('Curriculum Master'!$A$2:$A$57,MATCH(E78,'Curriculum Master'!$D$2:$D$57,0)) -> 2026-27 | B78: =IF(MOD(C78,2)=1,"Odd (Jul-Nov "&LEFT(A78,4)&")","Even (Jan-Apr "&(LEFT(A78,4)+1)&")") -> Even (Jan-Apr 2027) | C78: =INDEX('Curriculum Master'!$C$2:$C$57,MATCH(E78,'Curriculum Master'!$D$2:$D$57,0)) -> 6 | D78: =(LEFT(A78,4)-INT((C78-1)/2))&"-"&RIGHT(LEFT(A78,4)-INT((C78-1)/2)+3,2) -> 2024-27 | E78: BBA602 | F78: =INDEX('Curriculum Master'!$E$2:$E$57,MATCH(E78,'Curriculum Master'!$D$2:$D$57,0)) -> Business Taxation (GST & Direct Taxes) | G78: =INDEX('Curriculum Master'!$F$2:$F$57,MATCH(E78,'Curriculum Master'!$D$2:$D$57,0)) -> Finance & Accounting | H78: =INDEX('Curriculum Master'!$N$2:$N$57,MATCH(E78,'Curriculum Master'!$D$2:$D$57,0)) -> Core | I78: =INDEX('Curriculum Master'!$R$2:$R$57,MATCH(E78,'Curriculum Master'!$D$2:$D$57,0)) -> F014 | J78: =INDEX('Faculty Master'!$B$2:$B$21,MATCH(I78,'Faculty Master'!$A$2:$A$21,0)) -> Dr. Sanjay Deshmukh | K78: A | L78: =COUNTIF('Faculty Utilization'!$E$2:$E$91,E78) -> 2 | M78: =COUNTIFS('Student Master'!$E$2:$E$121,D78,'Student Master'!$I$2:$I$121,K78) -> 20 | N78: =INDEX('Curriculum Master'!$G$2:$G$57,MATCH(E78,'Curriculum Master'!$D$2:$D$57,0)) -> 3 | O78: =N78*SessionsPerCredit -> 30 | P78: =MinutesPerSession -> 75 | Q78: =O78*P78 -> 2250 | R78: =Q78/60 -> 37.5 | S78: =N78*FacultyCreditHoursPerCredit -> 45 | T78: =IF(MOD(C78,2)=1,"Ongoing","Upcoming") -> Upcoming
A79: =INDEX('Curriculum Master'!$A$2:$A$57,MATCH(E79,'Curriculum Master'!$D$2:$D$57,0)) -> 2026-27 | B79: =IF(MOD(C79,2)=1,"Odd (Jul-Nov "&LEFT(A79,4)&")","Even (Jan-Apr "&(LEFT(A79,4)+1)&")") -> Even (Jan-Apr 2027) | C79: =INDEX('Curriculum Master'!$C$2:$C$57,MATCH(E79,'Curriculum Master'!$D$2:$D$57,0)) -> 6 | D79: =(LEFT(A79,4)-INT((C79-1)/2))&"-"&RIGHT(LEFT(A79,4)-INT((C79-1)/2)+3,2) -> 2024-27 | E79: BBA602 | F79: =INDEX('Curriculum Master'!$E$2:$E$57,MATCH(E79,'Curriculum Master'!$D$2:$D$57,0)) -> Business Taxation (GST & Direct Taxes) | G79: =INDEX('Curriculum Master'!$F$2:$F$57,MATCH(E79,'Curriculum Master'!$D$2:$D$57,0)) -> Finance & Accounting | H79: =INDEX('Curriculum Master'!$N$2:$N$57,MATCH(E79,'Curriculum Master'!$D$2:$D$57,0)) -> Core | I79: =INDEX('Curriculum Master'!$R$2:$R$57,MATCH(E79,'Curriculum Master'!$D$2:$D$57,0)) -> F014 | J79: =INDEX('Faculty Master'!$B$2:$B$21,MATCH(I79,'Faculty Master'!$A$2:$A$21,0)) -> Dr. Sanjay Deshmukh | K79: B | L79: =COUNTIF('Faculty Utilization'!$E$2:$E$91,E79) -> 2 | M79: =COUNTIFS('Student Master'!$E$2:$E$121,D79,'Student Master'!$I$2:$I$121,K79) -> 20 | N79: =INDEX('Curriculum Master'!$G$2:$G$57,MATCH(E79,'Curriculum Master'!$D$2:$D$57,0)) -> 3 | O79: =N79*SessionsPerCredit -> 30 | P79: =MinutesPerSession -> 75 | Q79: =O79*P79 -> 2250 | R79: =Q79/60 -> 37.5 | S79: =N79*FacultyCreditHoursPerCredit -> 45 | T79: =IF(MOD(C79,2)=1,"Ongoing","Upcoming") -> Upcoming
A80: =INDEX('Curriculum Master'!$A$2:$A$57,MATCH(E80,'Curriculum Master'!$D$2:$D$57,0)) -> 2026-27 | B80: =IF(MOD(C80,2)=1,"Odd (Jul-Nov "&LEFT(A80,4)&")","Even (Jan-Apr "&(LEFT(A80,4)+1)&")") -> Even (Jan-Apr 2027) | C80: =INDEX('Curriculum Master'!$C$2:$C$57,MATCH(E80,'Curriculum Master'!$D$2:$D$57,0)) -> 6 | D80: =(LEFT(A80,4)-INT((C80-1)/2))&"-"&RIGHT(LEFT(A80,4)-INT((C80-1)/2)+3,2) -> 2024-27 | E80: BBA603 | F80: =INDEX('Curriculum Master'!$E$2:$E$57,MATCH(E80,'Curriculum Master'!$D$2:$D$57,0)) -> Capstone Consulting Project | G80: =INDEX('Curriculum Master'!$F$2:$F$57,MATCH(E80,'Curriculum Master'!$D$2:$D$57,0)) -> Strategy | H80: =INDEX('Curriculum Master'!$N$2:$N$57,MATCH(E80,'Curriculum Master'!$D$2:$D$57,0)) -> Core | I80: =INDEX('Curriculum Master'!$R$2:$R$57,MATCH(E80,'Curriculum Master'!$D$2:$D$57,0)) -> F001 | J80: =INDEX('Faculty Master'!$B$2:$B$21,MATCH(I80,'Faculty Master'!$A$2:$A$21,0)) -> Prof. (Dr.) Meera Raghavan | K80: A | L80: =COUNTIF('Faculty Utilization'!$E$2:$E$91,E80) -> 2 | M80: =COUNTIFS('Student Master'!$E$2:$E$121,D80,'Student Master'!$I$2:$I$121,K80) -> 20 | N80: =INDEX('Curriculum Master'!$G$2:$G$57,MATCH(E80,'Curriculum Master'!$D$2:$D$57,0)) -> 6 | O80: =N80*SessionsPerCredit -> 60 | P80: =MinutesPerSession -> 75 | Q80: =O80*P80 -> 4500 | R80: =Q80/60 -> 75 | S80: =N80*FacultyCreditHoursPerCredit -> 90 | T80: =IF(MOD(C80,2)=1,"Ongoing","Upcoming") -> Upcoming
A81: =INDEX('Curriculum Master'!$A$2:$A$57,MATCH(E81,'Curriculum Master'!$D$2:$D$57,0)) -> 2026-27 | B81: =IF(MOD(C81,2)=1,"Odd (Jul-Nov "&LEFT(A81,4)&")","Even (Jan-Apr "&(LEFT(A81,4)+1)&")") -> Even (Jan-Apr 2027) | C81: =INDEX('Curriculum Master'!$C$2:$C$57,MATCH(E81,'Curriculum Master'!$D$2:$D$57,0)) -> 6 | D81: =(LEFT(A81,4)-INT((C81-1)/2))&"-"&RIGHT(LEFT(A81,4)-INT((C81-1)/2)+3,2) -> 2024-27 | E81: BBA603 | F81: =INDEX('Curriculum Master'!$E$2:$E$57,MATCH(E81,'Curriculum Master'!$D$2:$D$57,0)) -> Capstone Consulting Project | G81: =INDEX('Curriculum Master'!$F$2:$F$57,MATCH(E81,'Curriculum Master'!$D$2:$D$57,0)) -> Strategy | H81: =INDEX('Curriculum Master'!$N$2:$N$57,MATCH(E81,'Curriculum Master'!$D$2:$D$57,0)) -> Core | I81: =INDEX('Curriculum Master'!$R$2:$R$57,MATCH(E81,'Curriculum Master'!$D$2:$D$57,0)) -> F001 | J81: =INDEX('Faculty Master'!$B$2:$B$21,MATCH(I81,'Faculty Master'!$A$2:$A$21,0)) -> Prof. (Dr.) Meera Raghavan | K81: B | L81: =COUNTIF('Faculty Utilization'!$E$2:$E$91,E81) -> 2 | M81: =COUNTIFS('Student Master'!$E$2:$E$121,D81,'Student Master'!$I$2:$I$121,K81) -> 20 | N81: =INDEX('Curriculum Master'!$G$2:$G$57,MATCH(E81,'Curriculum Master'!$D$2:$D$57,0)) -> 6 | O81: =N81*SessionsPerCredit -> 60 | P81: =MinutesPerSession -> 75 | Q81: =O81*P81 -> 4500 | R81: =Q81/60 -> 75 | S81: =N81*FacultyCreditHoursPerCredit -> 90 | T81: =IF(MOD(C81,2)=1,"Ongoing","Upcoming") -> Upcoming
A82: =INDEX('Curriculum Master'!$A$2:$A$57,MATCH(E82,'Curriculum Master'!$D$2:$D$57,0)) -> 2026-27 | B82: =IF(MOD(C82,2)=1,"Odd (Jul-Nov "&LEFT(A82,4)&")","Even (Jan-Apr "&(LEFT(A82,4)+1)&")") -> Even (Jan-Apr 2027) | C82: =INDEX('Curriculum Master'!$C$2:$C$57,MATCH(E82,'Curriculum Master'!$D$2:$D$57,0)) -> 6 | D82: =(LEFT(A82,4)-INT((C82-1)/2))&"-"&RIGHT(LEFT(A82,4)-INT((C82-1)/2)+3,2) -> 2024-27 | E82: BBA604 | F82: =INDEX('Curriculum Master'!$E$2:$E$57,MATCH(E82,'Curriculum Master'!$D$2:$D$57,0)) -> Career Readiness Workshop | G82: =INDEX('Curriculum Master'!$F$2:$F$57,MATCH(E82,'Curriculum Master'!$D$2:$D$57,0)) -> HR & OB | H82: =INDEX('Curriculum Master'!$N$2:$N$57,MATCH(E82,'Curriculum Master'!$D$2:$D$57,0)) -> Core | I82: =INDEX('Curriculum Master'!$R$2:$R$57,MATCH(E82,'Curriculum Master'!$D$2:$D$57,0)) -> F012 | J82: =INDEX('Faculty Master'!$B$2:$B$21,MATCH(I82,'Faculty Master'!$A$2:$A$21,0)) -> Prof. Ankit Shah | K82: A | L82: =COUNTIF('Faculty Utilization'!$E$2:$E$91,E82) -> 2 | M82: =COUNTIFS('Student Master'!$E$2:$E$121,D82,'Student Master'!$I$2:$I$121,K82) -> 20 | N82: =INDEX('Curriculum Master'!$G$2:$G$57,MATCH(E82,'Curriculum Master'!$D$2:$D$57,0)) -> 1 | O82: =N82*SessionsPerCredit -> 10 | P82: =MinutesPerSession -> 75 | Q82: =O82*P82 -> 750 | R82: =Q82/60 -> 12.5 | S82: =N82*FacultyCreditHoursPerCredit -> 15 | T82: =IF(MOD(C82,2)=1,"Ongoing","Upcoming") -> Upcoming
A83: =INDEX('Curriculum Master'!$A$2:$A$57,MATCH(E83,'Curriculum Master'!$D$2:$D$57,0)) -> 2026-27 | B83: =IF(MOD(C83,2)=1,"Odd (Jul-Nov "&LEFT(A83,4)&")","Even (Jan-Apr "&(LEFT(A83,4)+1)&")") -> Even (Jan-Apr 2027) | C83: =INDEX('Curriculum Master'!$C$2:$C$57,MATCH(E83,'Curriculum Master'!$D$2:$D$57,0)) -> 6 | D83: =(LEFT(A83,4)-INT((C83-1)/2))&"-"&RIGHT(LEFT(A83,4)-INT((C83-1)/2)+3,2) -> 2024-27 | E83: BBA604 | F83: =INDEX('Curriculum Master'!$E$2:$E$57,MATCH(E83,'Curriculum Master'!$D$2:$D$57,0)) -> Career Readiness Workshop | G83: =INDEX('Curriculum Master'!$F$2:$F$57,MATCH(E83,'Curriculum Master'!$D$2:$D$57,0)) -> HR & OB | H83: =INDEX('Curriculum Master'!$N$2:$N$57,MATCH(E83,'Curriculum Master'!$D$2:$D$57,0)) -> Core | I83: =INDEX('Curriculum Master'!$R$2:$R$57,MATCH(E83,'Curriculum Master'!$D$2:$D$57,0)) -> F012 | J83: =INDEX('Faculty Master'!$B$2:$B$21,MATCH(I83,'Faculty Master'!$A$2:$A$21,0)) -> Prof. Ankit Shah | K83: B | L83: =COUNTIF('Faculty Utilization'!$E$2:$E$91,E83) -> 2 | M83: =COUNTIFS('Student Master'!$E$2:$E$121,D83,'Student Master'!$I$2:$I$121,K83) -> 20 | N83: =INDEX('Curriculum Master'!$G$2:$G$57,MATCH(E83,'Curriculum Master'!$D$2:$D$57,0)) -> 1 | O83: =N83*SessionsPerCredit -> 10 | P83: =MinutesPerSession -> 75 | Q83: =O83*P83 -> 750 | R83: =Q83/60 -> 12.5 | S83: =N83*FacultyCreditHoursPerCredit -> 15 | T83: =IF(MOD(C83,2)=1,"Ongoing","Upcoming") -> Upcoming
A84: =INDEX('Curriculum Master'!$A$2:$A$57,MATCH(E84,'Curriculum Master'!$D$2:$D$57,0)) -> 2026-27 | B84: =IF(MOD(C84,2)=1,"Odd (Jul-Nov "&LEFT(A84,4)&")","Even (Jan-Apr "&(LEFT(A84,4)+1)&")") -> Even (Jan-Apr 2027) | C84: =INDEX('Curriculum Master'!$C$2:$C$57,MATCH(E84,'Curriculum Master'!$D$2:$D$57,0)) -> 6 | D84: =(LEFT(A84,4)-INT((C84-1)/2))&"-"&RIGHT(LEFT(A84,4)-INT((C84-1)/2)+3,2) -> 2024-27 | E84: MKT611 | F84: =INDEX('Curriculum Master'!$E$2:$E$57,MATCH(E84,'Curriculum Master'!$D$2:$D$57,0)) -> Digital & Social Media Marketing | G84: =INDEX('Curriculum Master'!$F$2:$F$57,MATCH(E84,'Curriculum Master'!$D$2:$D$57,0)) -> Marketing | H84: =INDEX('Curriculum Master'!$N$2:$N$57,MATCH(E84,'Curriculum Master'!$D$2:$D$57,0)) -> Elective | I84: =INDEX('Curriculum Master'!$R$2:$R$57,MATCH(E84,'Curriculum Master'!$D$2:$D$57,0)) -> F020 | J84: =INDEX('Faculty Master'!$B$2:$B$21,MATCH(I84,'Faculty Master'!$A$2:$A$21,0)) -> Mr. Aditya Kapoor | K84: A | L84: =COUNTIF('Faculty Utilization'!$E$2:$E$91,E84) -> 1 | M84: =INT(COUNTIFS('Student Master'!$E$2:$E$121,D84,'Student Master'!$J$2:$J$121,INDEX('Curriculum Master'!$O$2:$O$57,MATCH(E84,'Curriculum Master'!$D$2:$D$57,0)))/L84)+IF(CODE(K84)-64<=MOD(COUNTIFS('Student Master'!$E$2:$E$121,D84,'Student Master'!$J$2:$J$121,INDEX('Curriculum Master'!$O$2:$O$57,MATCH(E84,'Curriculum Master'!$D$2:$D$57,0))),L84),1,0) -> 12 | N84: =INDEX('Curriculum Master'!$G$2:$G$57,MATCH(E84,'Curriculum Master'!$D$2:$D$57,0)) -> 4 | O84: =N84*SessionsPerCredit -> 40 | P84: =MinutesPerSession -> 75 | Q84: =O84*P84 -> 3000 | R84: =Q84/60 -> 50 | S84: =N84*FacultyCreditHoursPerCredit -> 60 | T84: =IF(MOD(C84,2)=1,"Ongoing","Upcoming") -> Upcoming
A85: =INDEX('Curriculum Master'!$A$2:$A$57,MATCH(E85,'Curriculum Master'!$D$2:$D$57,0)) -> 2026-27 | B85: =IF(MOD(C85,2)=1,"Odd (Jul-Nov "&LEFT(A85,4)&")","Even (Jan-Apr "&(LEFT(A85,4)+1)&")") -> Even (Jan-Apr 2027) | C85: =INDEX('Curriculum Master'!$C$2:$C$57,MATCH(E85,'Curriculum Master'!$D$2:$D$57,0)) -> 6 | D85: =(LEFT(A85,4)-INT((C85-1)/2))&"-"&RIGHT(LEFT(A85,4)-INT((C85-1)/2)+3,2) -> 2024-27 | E85: MKT612 | F85: =INDEX('Curriculum Master'!$E$2:$E$57,MATCH(E85,'Curriculum Master'!$D$2:$D$57,0)) -> Retail Management | G85: =INDEX('Curriculum Master'!$F$2:$F$57,MATCH(E85,'Curriculum Master'!$D$2:$D$57,0)) -> Marketing | H85: =INDEX('Curriculum Master'!$N$2:$N$57,MATCH(E85,'Curriculum Master'!$D$2:$D$57,0)) -> Elective | I85: =INDEX('Curriculum Master'!$R$2:$R$57,MATCH(E85,'Curriculum Master'!$D$2:$D$57,0)) -> F009 | J85: =INDEX('Faculty Master'!$B$2:$B$21,MATCH(I85,'Faculty Master'!$A$2:$A$21,0)) -> Dr. Priya Hegde | K85: A | L85: =COUNTIF('Faculty Utilization'!$E$2:$E$91,E85) -> 1 | M85: =INT(COUNTIFS('Student Master'!$E$2:$E$121,D85,'Student Master'!$J$2:$J$121,INDEX('Curriculum Master'!$O$2:$O$57,MATCH(E85,'Curriculum Master'!$D$2:$D$57,0)))/L85)+IF(CODE(K85)-64<=MOD(COUNTIFS('Student Master'!$E$2:$E$121,D85,'Student Master'!$J$2:$J$121,INDEX('Curriculum Master'!$O$2:$O$57,MATCH(E85,'Curriculum Master'!$D$2:$D$57,0))),L85),1,0) -> 12 | N85: =INDEX('Curriculum Master'!$G$2:$G$57,MATCH(E85,'Curriculum Master'!$D$2:$D$57,0)) -> 4 | O85: =N85*SessionsPerCredit -> 40 | P85: =MinutesPerSession -> 75 | Q85: =O85*P85 -> 3000 | R85: =Q85/60 -> 50 | S85: =N85*FacultyCreditHoursPerCredit -> 60 | T85: =IF(MOD(C85,2)=1,"Ongoing","Upcoming") -> Upcoming
A86: =INDEX('Curriculum Master'!$A$2:$A$57,MATCH(E86,'Curriculum Master'!$D$2:$D$57,0)) -> 2026-27 | B86: =IF(MOD(C86,2)=1,"Odd (Jul-Nov "&LEFT(A86,4)&")","Even (Jan-Apr "&(LEFT(A86,4)+1)&")") -> Even (Jan-Apr 2027) | C86: =INDEX('Curriculum Master'!$C$2:$C$57,MATCH(E86,'Curriculum Master'!$D$2:$D$57,0)) -> 6 | D86: =(LEFT(A86,4)-INT((C86-1)/2))&"-"&RIGHT(LEFT(A86,4)-INT((C86-1)/2)+3,2) -> 2024-27 | E86: FIN611 | F86: =INDEX('Curriculum Master'!$E$2:$E$57,MATCH(E86,'Curriculum Master'!$D$2:$D$57,0)) -> Corporate Valuation | G86: =INDEX('Curriculum Master'!$F$2:$F$57,MATCH(E86,'Curriculum Master'!$D$2:$D$57,0)) -> Finance & Accounting | H86: =INDEX('Curriculum Master'!$N$2:$N$57,MATCH(E86,'Curriculum Master'!$D$2:$D$57,0)) -> Elective | I86: =INDEX('Curriculum Master'!$R$2:$R$57,MATCH(E86,'Curriculum Master'!$D$2:$D$57,0)) -> F002 | J86: =INDEX('Faculty Master'!$B$2:$B$21,MATCH(I86,'Faculty Master'!$A$2:$A$21,0)) -> Dr. Arvind Kulkarni | K86: A | L86: =COUNTIF('Faculty Utilization'!$E$2:$E$91,E86) -> 1 | M86: =INT(COUNTIFS('Student Master'!$E$2:$E$121,D86,'Student Master'!$J$2:$J$121,INDEX('Curriculum Master'!$O$2:$O$57,MATCH(E86,'Curriculum Master'!$D$2:$D$57,0)))/L86)+IF(CODE(K86)-64<=MOD(COUNTIFS('Student Master'!$E$2:$E$121,D86,'Student Master'!$J$2:$J$121,INDEX('Curriculum Master'!$O$2:$O$57,MATCH(E86,'Curriculum Master'!$D$2:$D$57,0))),L86),1,0) -> 12 | N86: =INDEX('Curriculum Master'!$G$2:$G$57,MATCH(E86,'Curriculum Master'!$D$2:$D$57,0)) -> 4 | O86: =N86*SessionsPerCredit -> 40 | P86: =MinutesPerSession -> 75 | Q86: =O86*P86 -> 3000 | R86: =Q86/60 -> 50 | S86: =N86*FacultyCreditHoursPerCredit -> 60 | T86: =IF(MOD(C86,2)=1,"Ongoing","Upcoming") -> Upcoming
A87: =INDEX('Curriculum Master'!$A$2:$A$57,MATCH(E87,'Curriculum Master'!$D$2:$D$57,0)) -> 2026-27 | B87: =IF(MOD(C87,2)=1,"Odd (Jul-Nov "&LEFT(A87,4)&")","Even (Jan-Apr "&(LEFT(A87,4)+1)&")") -> Even (Jan-Apr 2027) | C87: =INDEX('Curriculum Master'!$C$2:$C$57,MATCH(E87,'Curriculum Master'!$D$2:$D$57,0)) -> 6 | D87: =(LEFT(A87,4)-INT((C87-1)/2))&"-"&RIGHT(LEFT(A87,4)-INT((C87-1)/2)+3,2) -> 2024-27 | E87: FIN612 | F87: =INDEX('Curriculum Master'!$E$2:$E$57,MATCH(E87,'Curriculum Master'!$D$2:$D$57,0)) -> FinTech & Digital Banking | G87: =INDEX('Curriculum Master'!$F$2:$F$57,MATCH(E87,'Curriculum Master'!$D$2:$D$57,0)) -> Finance & Accounting | H87: =INDEX('Curriculum Master'!$N$2:$N$57,MATCH(E87,'Curriculum Master'!$D$2:$D$57,0)) -> Elective | I87: =INDEX('Curriculum Master'!$R$2:$R$57,MATCH(E87,'Curriculum Master'!$D$2:$D$57,0)) -> F007 | J87: =INDEX('Faculty Master'!$B$2:$B$21,MATCH(I87,'Faculty Master'!$A$2:$A$21,0)) -> Dr. Neha Agarwal | K87: A | L87: =COUNTIF('Faculty Utilization'!$E$2:$E$91,E87) -> 1 | M87: =INT(COUNTIFS('Student Master'!$E$2:$E$121,D87,'Student Master'!$J$2:$J$121,INDEX('Curriculum Master'!$O$2:$O$57,MATCH(E87,'Curriculum Master'!$D$2:$D$57,0)))/L87)+IF(CODE(K87)-64<=MOD(COUNTIFS('Student Master'!$E$2:$E$121,D87,'Student Master'!$J$2:$J$121,INDEX('Curriculum Master'!$O$2:$O$57,MATCH(E87,'Curriculum Master'!$D$2:$D$57,0))),L87),1,0) -> 12 | N87: =INDEX('Curriculum Master'!$G$2:$G$57,MATCH(E87,'Curriculum Master'!$D$2:$D$57,0)) -> 4 | O87: =N87*SessionsPerCredit -> 40 | P87: =MinutesPerSession -> 75 | Q87: =O87*P87 -> 3000 | R87: =Q87/60 -> 50 | S87: =N87*FacultyCreditHoursPerCredit -> 60 | T87: =IF(MOD(C87,2)=1,"Ongoing","Upcoming") -> Upcoming
A88: =INDEX('Curriculum Master'!$A$2:$A$57,MATCH(E88,'Curriculum Master'!$D$2:$D$57,0)) -> 2026-27 | B88: =IF(MOD(C88,2)=1,"Odd (Jul-Nov "&LEFT(A88,4)&")","Even (Jan-Apr "&(LEFT(A88,4)+1)&")") -> Even (Jan-Apr 2027) | C88: =INDEX('Curriculum Master'!$C$2:$C$57,MATCH(E88,'Curriculum Master'!$D$2:$D$57,0)) -> 6 | D88: =(LEFT(A88,4)-INT((C88-1)/2))&"-"&RIGHT(LEFT(A88,4)-INT((C88-1)/2)+3,2) -> 2024-27 | E88: HRM611 | F88: =INDEX('Curriculum Master'!$E$2:$E$57,MATCH(E88,'Curriculum Master'!$D$2:$D$57,0)) -> Learning & Development | G88: =INDEX('Curriculum Master'!$F$2:$F$57,MATCH(E88,'Curriculum Master'!$D$2:$D$57,0)) -> HR & OB | H88: =INDEX('Curriculum Master'!$N$2:$N$57,MATCH(E88,'Curriculum Master'!$D$2:$D$57,0)) -> Elective | I88: =INDEX('Curriculum Master'!$R$2:$R$57,MATCH(E88,'Curriculum Master'!$D$2:$D$57,0)) -> F005 | J88: =INDEX('Faculty Master'!$B$2:$B$21,MATCH(I88,'Faculty Master'!$A$2:$A$21,0)) -> Dr. Farah Siddiqui | K88: A | L88: =COUNTIF('Faculty Utilization'!$E$2:$E$91,E88) -> 1 | M88: =INT(COUNTIFS('Student Master'!$E$2:$E$121,D88,'Student Master'!$J$2:$J$121,INDEX('Curriculum Master'!$O$2:$O$57,MATCH(E88,'Curriculum Master'!$D$2:$D$57,0)))/L88)+IF(CODE(K88)-64<=MOD(COUNTIFS('Student Master'!$E$2:$E$121,D88,'Student Master'!$J$2:$J$121,INDEX('Curriculum Master'!$O$2:$O$57,MATCH(E88,'Curriculum Master'!$D$2:$D$57,0))),L88),1,0) -> 6 | N88: =INDEX('Curriculum Master'!$G$2:$G$57,MATCH(E88,'Curriculum Master'!$D$2:$D$57,0)) -> 4 | O88: =N88*SessionsPerCredit -> 40 | P88: =MinutesPerSession -> 75 | Q88: =O88*P88 -> 3000 | R88: =Q88/60 -> 50 | S88: =N88*FacultyCreditHoursPerCredit -> 60 | T88: =IF(MOD(C88,2)=1,"Ongoing","Upcoming") -> Upcoming
A89: =INDEX('Curriculum Master'!$A$2:$A$57,MATCH(E89,'Curriculum Master'!$D$2:$D$57,0)) -> 2026-27 | B89: =IF(MOD(C89,2)=1,"Odd (Jul-Nov "&LEFT(A89,4)&")","Even (Jan-Apr "&(LEFT(A89,4)+1)&")") -> Even (Jan-Apr 2027) | C89: =INDEX('Curriculum Master'!$C$2:$C$57,MATCH(E89,'Curriculum Master'!$D$2:$D$57,0)) -> 6 | D89: =(LEFT(A89,4)-INT((C89-1)/2))&"-"&RIGHT(LEFT(A89,4)-INT((C89-1)/2)+3,2) -> 2024-27 | E89: HRM612 | F89: =INDEX('Curriculum Master'!$E$2:$E$57,MATCH(E89,'Curriculum Master'!$D$2:$D$57,0)) -> Labour Laws & Industrial Relations | G89: =INDEX('Curriculum Master'!$F$2:$F$57,MATCH(E89,'Curriculum Master'!$D$2:$D$57,0)) -> HR & OB | H89: =INDEX('Curriculum Master'!$N$2:$N$57,MATCH(E89,'Curriculum Master'!$D$2:$D$57,0)) -> Elective | I89: =INDEX('Curriculum Master'!$R$2:$R$57,MATCH(E89,'Curriculum Master'!$D$2:$D$57,0)) -> F010 | J89: =INDEX('Faculty Master'!$B$2:$B$21,MATCH(I89,'Faculty Master'!$A$2:$A$21,0)) -> Adv. Rohit Malhotra | K89: A | L89: =COUNTIF('Faculty Utilization'!$E$2:$E$91,E89) -> 1 | M89: =INT(COUNTIFS('Student Master'!$E$2:$E$121,D89,'Student Master'!$J$2:$J$121,INDEX('Curriculum Master'!$O$2:$O$57,MATCH(E89,'Curriculum Master'!$D$2:$D$57,0)))/L89)+IF(CODE(K89)-64<=MOD(COUNTIFS('Student Master'!$E$2:$E$121,D89,'Student Master'!$J$2:$J$121,INDEX('Curriculum Master'!$O$2:$O$57,MATCH(E89,'Curriculum Master'!$D$2:$D$57,0))),L89),1,0) -> 6 | N89: =INDEX('Curriculum Master'!$G$2:$G$57,MATCH(E89,'Curriculum Master'!$D$2:$D$57,0)) -> 4 | O89: =N89*SessionsPerCredit -> 40 | P89: =MinutesPerSession -> 75 | Q89: =O89*P89 -> 3000 | R89: =Q89/60 -> 50 | S89: =N89*FacultyCreditHoursPerCredit -> 60 | T89: =IF(MOD(C89,2)=1,"Ongoing","Upcoming") -> Upcoming
A90: =INDEX('Curriculum Master'!$A$2:$A$57,MATCH(E90,'Curriculum Master'!$D$2:$D$57,0)) -> 2026-27 | B90: =IF(MOD(C90,2)=1,"Odd (Jul-Nov "&LEFT(A90,4)&")","Even (Jan-Apr "&(LEFT(A90,4)+1)&")") -> Even (Jan-Apr 2027) | C90: =INDEX('Curriculum Master'!$C$2:$C$57,MATCH(E90,'Curriculum Master'!$D$2:$D$57,0)) -> 6 | D90: =(LEFT(A90,4)-INT((C90-1)/2))&"-"&RIGHT(LEFT(A90,4)-INT((C90-1)/2)+3,2) -> 2024-27 | E90: BAN611 | F90: =INDEX('Curriculum Master'!$E$2:$E$57,MATCH(E90,'Curriculum Master'!$D$2:$D$57,0)) -> Machine Learning for Managers | G90: =INDEX('Curriculum Master'!$F$2:$F$57,MATCH(E90,'Curriculum Master'!$D$2:$D$57,0)) -> Analytics | H90: =INDEX('Curriculum Master'!$N$2:$N$57,MATCH(E90,'Curriculum Master'!$D$2:$D$57,0)) -> Elective | I90: =INDEX('Curriculum Master'!$R$2:$R$57,MATCH(E90,'Curriculum Master'!$D$2:$D$57,0)) -> F013 | J90: =INDEX('Faculty Master'!$B$2:$B$21,MATCH(I90,'Faculty Master'!$A$2:$A$21,0)) -> Dr. Kavya Reddy | K90: A | L90: =COUNTIF('Faculty Utilization'!$E$2:$E$91,E90) -> 1 | M90: =INT(COUNTIFS('Student Master'!$E$2:$E$121,D90,'Student Master'!$J$2:$J$121,INDEX('Curriculum Master'!$O$2:$O$57,MATCH(E90,'Curriculum Master'!$D$2:$D$57,0)))/L90)+IF(CODE(K90)-64<=MOD(COUNTIFS('Student Master'!$E$2:$E$121,D90,'Student Master'!$J$2:$J$121,INDEX('Curriculum Master'!$O$2:$O$57,MATCH(E90,'Curriculum Master'!$D$2:$D$57,0))),L90),1,0) -> 10 | N90: =INDEX('Curriculum Master'!$G$2:$G$57,MATCH(E90,'Curriculum Master'!$D$2:$D$57,0)) -> 4 | O90: =N90*SessionsPerCredit -> 40 | P90: =MinutesPerSession -> 75 | Q90: =O90*P90 -> 3000 | R90: =Q90/60 -> 50 | S90: =N90*FacultyCreditHoursPerCredit -> 60 | T90: =IF(MOD(C90,2)=1,"Ongoing","Upcoming") -> Upcoming
A91: =INDEX('Curriculum Master'!$A$2:$A$57,MATCH(E91,'Curriculum Master'!$D$2:$D$57,0)) -> 2026-27 | B91: =IF(MOD(C91,2)=1,"Odd (Jul-Nov "&LEFT(A91,4)&")","Even (Jan-Apr "&(LEFT(A91,4)+1)&")") -> Even (Jan-Apr 2027) | C91: =INDEX('Curriculum Master'!$C$2:$C$57,MATCH(E91,'Curriculum Master'!$D$2:$D$57,0)) -> 6 | D91: =(LEFT(A91,4)-INT((C91-1)/2))&"-"&RIGHT(LEFT(A91,4)-INT((C91-1)/2)+3,2) -> 2024-27 | E91: BAN612 | F91: =INDEX('Curriculum Master'!$E$2:$E$57,MATCH(E91,'Curriculum Master'!$D$2:$D$57,0)) -> Business Intelligence with Power BI | G91: =INDEX('Curriculum Master'!$F$2:$F$57,MATCH(E91,'Curriculum Master'!$D$2:$D$57,0)) -> Information Systems | H91: =INDEX('Curriculum Master'!$N$2:$N$57,MATCH(E91,'Curriculum Master'!$D$2:$D$57,0)) -> Elective | I91: =INDEX('Curriculum Master'!$R$2:$R$57,MATCH(E91,'Curriculum Master'!$D$2:$D$57,0)) -> F006 | J91: =INDEX('Faculty Master'!$B$2:$B$21,MATCH(I91,'Faculty Master'!$A$2:$A$21,0)) -> Prof. Karthik Subramanian | K91: A | L91: =COUNTIF('Faculty Utilization'!$E$2:$E$91,E91) -> 1 | M91: =INT(COUNTIFS('Student Master'!$E$2:$E$121,D91,'Student Master'!$J$2:$J$121,INDEX('Curriculum Master'!$O$2:$O$57,MATCH(E91,'Curriculum Master'!$D$2:$D$57,0)))/L91)+IF(CODE(K91)-64<=MOD(COUNTIFS('Student Master'!$E$2:$E$121,D91,'Student Master'!$J$2:$J$121,INDEX('Curriculum Master'!$O$2:$O$57,MATCH(E91,'Curriculum Master'!$D$2:$D$57,0))),L91),1,0) -> 10 | N91: =INDEX('Curriculum Master'!$G$2:$G$57,MATCH(E91,'Curriculum Master'!$D$2:$D$57,0)) -> 4 | O91: =N91*SessionsPerCredit -> 40 | P91: =MinutesPerSession -> 75 | Q91: =O91*P91 -> 3000 | R91: =Q91/60 -> 50 | S91: =N91*FacultyCreditHoursPerCredit -> 60 | T91: =IF(MOD(C91,2)=1,"Ongoing","Upcoming") -> Upcoming

Sheet Assumptions
A1: Parameter | B1: Value | C1: Notes
A2: Sessions per credit | B2: 10 | C2: Same for every subject (exam, workshop or project)
A3: Minutes per session | B3: 75 | C3: Length of one class session
A4: Faculty credit hours per credit | B4: 15 | C4: Faculty workload per credit taught, per section (teaching plus preparation and assessment)
A5: Faculty goal (faculty credit hours per academic year) | B5: 150 | C5: Same for every faculty member
A6: ="Hours taught per credit" -> Hours taught per credit | B6: =SessionsPerCredit*MinutesPerSession/60 -> 12.5 | C6: Calculated: sessions per credit x minutes per session / 60
A8: Shaded cells in every sheet are formulas. Change a value here and the workbook recalculates.
